 Dungeon Crawl Stone Soup version 0.30-a0-469-g84de5afbc5 (webtiles) character file.

Game seed: 11336851745596081853

1902852 scionoferis the Hoplite (level 27, 260/260 HPs)
             Began as a Green Draconian Ice Elementalist on Dec 16, 2022.
             Was the Champion of Vehumet.
             Escaped with the Orb
             ... and 4 runes on Dec 19, 2022!
             The game lasted 07:49:52 (105505 turns).

scionoferis the Hoplite (DrIE)                    Turns: 105505, Time: 07:49:52

Health: 260/260    AC: 20    Str: 13    XL:     27
Magic:  48/64      EV: 23    Int: 40    God:    Vehumet [******]
Gold:   4968       SH: 24    Dex: 18    Spells: 2/62 levels left

rFire   + + +      SeeInvis +    b - +1 falchion "Galem" {vorpal, +Blink rElec SInv Stlth-}
rCold   + . .      Faith    .    K - +2 kite shield {rF+}
rNeg    + . .      Spirit   .    (body armour unavailable)
rPois   +          Reflect  +    U - +3 hat of Pondering {ponderous, Will+ MP+10 Int+5}
rElec   +          Harm     .    A - +1 cloak "Ytuelath" {rC+ Dex+4}
rCorr   .          Rampage  .    f - +0 pair of gloves of the Banana {rF+ Int+4}
Will    ++++.                    z - +0 pair of boots "Afewiel" {rElec Dex+4}
Stlth   +.........               v - amulet "Qigharef" {Reflect Regen+ Str+2 SH+5}
HPRegen 1.43/turn                s - ring of the Tuna {Will+ MP+9 Int+4}
MPRegen 0.39/turn                M - ring of the Singing Traitor {rF+ rN+}

@: slow
A: breathe noxious fumes, AC +13, unfitting armour, stinger 1, poison
resistance, cold-blooded, clumsy 1, robust 1, weak 1
0: Orb of Zot
}: 4/15 runes: serpentine, barnacled, slimy, silver
a: Breathe Noxious Fumes, Renounce Religion, Evoke Blink


You escaped.
You worshipped Vehumet.
Vehumet was exalted by your worship.
You visited 12 branches of the dungeon, and saw 56 of its levels.
You also visited: Ice Cave and Desolation.

You collected 9851 gold pieces.
You spent 4883 gold pieces at shops.


Innate Abilities, Weirdness & Mutations

You can breathe blasts of noxious fumes.
Your lurid green scales are hard. (AC +13)
You cannot fit into any form of body armour.
Your tail ends in a venomous barb.
Your system is resistant to poisons. (rPois)
You are cold-blooded and may be slowed by cold attacks.
You are clumsy. (Dex -2)
You are robust. (+10% HP)
You are weak. (Str -2)


   Skills:
 * Level 17.7 Fighting
 + Level 17.1 Dodging
 - Level 3.0 Stealth
 + Level 23.8 Shields
 * Level 18.1 Spellcasting
 * Level 16.0 Conjurations
 - Level 9.0 Summonings
 - Level 4.0 Transmutations
 - Level 6.0 Fire Magic
 - Level 15.0 Ice Magic
 - Level 6.0 Air Magic
 + Level 23.2 Earth Magic
 - Level 4.0 Poison Magic
 + Level 12.0 Evocations


You had 2 spell levels left.
You knew the following spells:

 Your Spells              Type           Power      Damage    Failure   Level
a - Freeze                Ice            100%       1d10      0%          1
b - Spellforged Servitor  Conj/Summ      47%        N/A       1%          7
c - Ozocubu's Armour      Ice            100%       N/A       0%          3
d - Apportation           Tloc           72%        N/A       1%          1
e - Lehudib's Crystal Sp  Conj/Erth      57%        10d13     1%          8
f - Hailstorm             Conj/Ice       100%       3d20      0%          3
g - Iron Shot             Conj/Erth      57%        9d11      1%          6
h - Freezing Cloud        Conj/Ice/Air   47%        6-21      1%          5
i - Swiftness             Air            71%        N/A       1%          3
j - Lee's Rapid Deconstr  Erth           61%        3d28*     0%          5
k - Ozocubu's Refrigerat  Ice            51%        4d18      1%          7
l - Blink                 Tloc           72%        N/A       1%          2
m - Shatter               Erth           61%        3d45*     1%          9

Your spell library contained the following spells:

 Spells                   Type           Power      Damage    Failure   Level
 Polar Vortex             Ice            51%        N/A       41%         9
 Magic Dart               Conj           100%       1d8       0%          1
 Sandblast                Erth           100%       2d20      0%          1
 Passwall                 Tmut/Erth      81%        N/A       0%          2
 Static Discharge         Conj/Air       100%       2-7/arc   0%          2
 Kiss of Death            Conj/Necr      100%       2d13      1%          1
 Necrotise                Necr           100%       1d9       1%          1
 Slow                     Hex            100%       N/A       1%          1
 Sting                    Tmut/Pois      100%       1d8       1%          1
 Summon Small Mammal      Summ           100%       N/A       1%          1
 Cigotuvi's Dreadful Rot  Necr/Pois/Air  100%       N/A       1%          2
 Ensorcelled Hibernation  Hex/Ice        100%       N/A       1%          2
 Momentum Strike          Conj/Tloc      100%       3d10      1%          2
 Poisonous Vapours        Pois/Air       100%       N/A       1%          2
 Sublimation of Blood     Necr           36%        N/A       1%          2
 Frozen Ramparts          Ice            100%       1d16      0%          3
 Stone Arrow              Conj/Erth      100%       3d13      0%          3
 Call Canine Familiar     Summ           83%        N/A       1%          3
 Dazzling Flash           Conj/Hex       100%       N/A       1%          3
 Ignite Poison            Fire/Tmut/Pois 65%        N/A       1%          3
 Inner Flame              Hex/Fire       57%        N/A       1%          3
 Mephitic Cloud           Conj/Pois/Air  82%        N/A       1%          3
 Spider Form              Tmut/Pois      62%        N/A       1%          3
 Vhi's Electric Charge    Tloc/Air       100%       N/A       1%          3
 Airstrike                Air            35%        2d(6-22)  1%          4
 Flame Wave               Conj/Fire      90%        2d19      1%          4
 Ice Form                 Ice/Tmut       84%        N/A       1%          4
 Iskenderun's Mystic Bla  Conj/Tloc      79%        2d16      1%          4
 Leda's Liquefaction      Hex/Erth       46%        N/A       1%          4
 Olgreb's Toxic Radiance  Pois           62%        N/A       1%          4
 Petrify                  Tmut/Erth      98%        N/A       1%          4
 Sticky Flame             Conj/Fire      90%        2d10      1%          4
 Summon Ice Beast         Ice/Summ       93%        N/A       1%          4
 Summon Lightning Spire   Summ/Air       77%        N/A       1%          4
 Arcjolt                  Conj/Air       45%        1d55      1%          5
 Borgnjor's Vile Clutch   Necr/Erth      46%        N/A       1%          5
 Fireball                 Conj/Fire      45%        3d18      1%          5
 Irradiate                Conj/Tmut      43%        3d26      1%          5
 Iskenderun's Battlesphe  Conj           100%       2d15      1%          5
 Lightning Bolt           Conj/Air       45%        1d65      1%          5
 Metabolic Englaciation   Hex/Ice        38%        N/A       1%          5
 Starburst                Conj/Fire      45%        6d13      1%          6
 Statue Form              Tmut/Erth      65%        N/A       1%          6
 Orb of Destruction       Conj           52%        9d13      1%          7
 Confusing Touch          Hex            36%        N/A       2%          3
 Gell's Gravitas          Tloc           36%        N/A       2%          3
 Lesser Beckoning         Tloc           72%        N/A       2%          3
 Portal Projectile        Hex/Tloc       72%        N/A       2%          3
 Teleport Other           Tloc           36%        N/A       2%          3
 Tukima's Dance           Hex            36%        N/A       2%          3
 Vampiric Draining        Necr           36%        2d8       2%          3
 Summon Mana Viper        Hex/Summ       64%        N/A       3%          5
 Yara's Violent Unravell  Hex/Tmut       25%        3d11      3%          5
 Alistair's Intoxication  Tmut/Pois      41%        N/A       4%          5
 Blade Hands              Tmut           31%        N/A       4%          5
 Simulacrum               Ice/Necr       38%        N/A       6%          6
 Silence                  Hex/Air        28%        N/A       7%          5
 Eringya's Noxious Bog    Tmut/Pois      31%        N/A       7%          6
 Anguish                  Hex/Necr       18%        N/A       9%          4
 Animate Dead             Necr           36%        N/A       9%          4
 Cause Fear               Hex            18%        N/A       9%          4
 Dispel Undead            Necr           36%        3d15      9%          4
 Manifold Assault         Tloc           36%        N/A       9%          4
 Passage of Golubria      Tloc           36%        N/A       9%          4
 Monstrous Menagerie      Summ           41%        N/A       19%         7
 Agony                    Necr           36%        N/A       24%         5
 Storm Form               Tmut/Air       33%        N/A       67%         7
 Ignition                 Fire           35%        3d11      73%         8
 Maxwell's Capacitive Co  Air            35%        ∞         73%         8
 Haunt                    Necr/Summ      32%        N/A       75%         7
 Malign Gateway           Summ/Tloc      32%        N/A       75%         7
 Death Channel            Necr           18%        N/A       80%         6
 Dispersal                Tloc           18%        N/A       80%         6
 Chain Lightning          Conj/Air       45%        3d60      90%         9
 Fire Storm               Conj/Fire      45%        8d11      90%         9
 Enfeeble                 Hex            18%        N/A       100%        7
 Borgnjor's Revivificati  Necr           18%        N/A       100%        8
 Discord                  Hex            18%        N/A       100%        8
 Infestation              Necr           18%        N/A       100%        8
 Necromutation            Tmut/Necr      25%        N/A       100%        8
 Death's Door             Necr           18%        N/A       100%        9
 Animate Armour           Summ/Erth      Unusable   N/A       N/A         4

Inventory:

Hand Weapons
 a - the +11 whip of Deirrid {spect, *Noise rN+++ Int+2 Dex+2}
   (You took it off a deep elf death mage on level 3 of the Elven Halls)

   When its wielder attacks, the weapon's spirit leaps out and strikes again.
   The spirit shares a part of any damage it takes with its wielder.
   Int:       It affects your intelligence (+2).
   Dex:       It affects your dexterity (+2).
   rN:        It renders you almost immune to negative energy.
   *Noise:    It may make noises in combat.
 b - the +1 falchion "Galem" (weapon) {vorpal, +Blink rElec SInv Stlth-}
   (You found it in the Desolation of Salt)

   It inflicts extra damage upon your enemies.
   rElec:     It insulates you from electricity.
   SInv:      It lets you see invisible.
   +Blink:    It lets you blink.
   Stlth:     It makes you less stealthy.
Missiles
 p - 14 curare-tipped darts
 y - 7 throwing nets
Armour
 f - the +0 pair of gloves of the Banana (worn) {rF+ Int+4}
   (You took it off Nikola on level 4 of the Shoals)

   Int:       It affects your intelligence (+4).
   rF:        It protects you from fire.
 z - the +0 pair of boots "Afewiel" (worn) {rElec Dex+4}
   (You bought it in a shop on level 5 of the Vaults)

   Dex:       It affects your dexterity (+4).
   rElec:     It insulates you from electricity.
 A - the +1 cloak "Ytuelath" (worn) {rC+ Dex+4}
   (You bought it in a shop on level 4 of the Depths)

   Dex:       It affects your dexterity (+4).
   rC:        It protects you from cold.
 K - a +2 kite shield of fire resistance (worn)
   (You took it off a naga warrior on level 4 of the Snake Pit)
 U - the +3 hat of Pondering (worn) {ponderous, Will+ MP+10 Int+5}
   (You took it off Gastronok on level 10 of the Dungeon)

   Int:       It affects your intelligence (+5).
   MP:        It affects your magic capacity (+10).
   Will:      It increases your willpower.
Magical Staves
 l - a staff of earth
   (You found it on level 3 of the Elven Halls)
Jewellery
 i - the ring "Oskotig" {+Blink rC+ Slay-4 SInv Stlth-}
   (You found it in the Desolation of Salt)

   [ring of protection from cold]

   Slay:      It affects your accuracy & damage with ranged weapons and melee
   (-4).
   rC:        It protects you from cold.
   SInv:      It lets you see invisible.
   +Blink:    It lets you blink.
   Stlth:     It makes you less stealthy.
 o - the ring "Taxos" {rF+ Will+ MP+9}
   (You found it on level 1 of the Crypt)

   [ring of magical power]

   rF:        It protects you from fire.
   MP:        It affects your magic capacity (+9).
   Will:      It increases your willpower.
 s - the ring of the Tuna (left hand) {Will+ MP+9 Int+4}
   (You found it in the Desolation of Salt)

   [ring of magical power]

   Int:       It affects your intelligence (+4).
   MP:        It affects your magic capacity (+9).
   Will:      It increases your willpower.
 v - the amulet "Qigharef" (around neck) {Reflect Regen+ Str+2 SH+5}
   (You found it on level 3 of the Shoals)

   [amulet of reflection]

   It reflects blocked missile attacks.
   Str:       It affects your strength (+2).
   Regen:     It increases your rate of health regeneration.
   SH:        It affects your SH (+5).
 D - the ring of Wabaomm {rPois rC+ rN+ Int-2}
   (You found it on level 1 of the Realm of Zot)

   [ring of protection from cold]

   Int:       It affects your intelligence (-2).
   rC:        It protects you from cold.
   rPois:     It protects you from poison.
   rN:        It protects you from negative energy.
 G - a ring of positive energy
   (You found it on level 6 of the Dungeon)
 M - the ring of the Singing Traitor (right hand) {rF+ rN+}
   (You found it on level 4 of the Realm of Zot)

   [ring of positive energy]

   rF:        It protects you from fire.
   rN:        It protects you from negative energy.
Wands
 k - a wand of mindburst (12)
   (You found it on level 5 of the Lair of Beasts)
 x - a wand of acid (9)
   (You found it on level 7 of the Dungeon)
 C - a wand of flame (9)
   (You found it on level 1 of the Realm of Zot)
 N - a wand of paralysis (28)
   (You found it on level 7 of the Dungeon)
 R - a wand of digging (23)
   (You found it on level 3 of the Lair of Beasts)
Scrolls
 c - 27 scrolls of teleportation
 e - 16 scrolls of fear
 j - 7 scrolls of enchant armour
 m - 5 scrolls of noise
 n - a scroll of amnesia
 t - 10 scrolls of vulnerability
 u - 2 scrolls of magic mapping
 B - 4 scrolls of butterflies
 F - 15 scrolls of fog
 J - 12 scrolls of poison
 O - 11 scrolls of blinking
 V - 3 scrolls of silence
Potions
 d - 9 potions of magic
 g - 16 potions of curing
 h - 15 potions of heal wounds
 q - 10 potions of flight
 w - 3 potions of haste
 E - 6 potions of cancellation
 H - 9 potions of brilliance
 I - 2 potions of might
 S - 6 potions of invisibility
 T - 8 potions of mutation
 W - 9 potions of ambrosia
 X - 3 potions of resistance
Miscellaneous
 r - a condenser vane
   (You found it on level 3 of the Depths)
 L - a phial of floods
   (You found it on level 3 of the Elven Halls)
 P - a lightning rod (4/4)
   (You found it on level 3 of the Elven Halls)
 Q - a phantom mirror
   (You found it on level 3 of the Elven Halls)

Dungeon Overview and Level Annotations

Branches:
Dungeon (15/15)            Temple (1/1) D:6            Lair (5/5) D:8
 Shoals (4/4) Lair:2        Snake (4/4) Lair:2        Slime (5/5) Lair:5
    Orc (2/2) D:12            Elf (3/3) Orc:2        Vaults (5/5) D:13
  Crypt (3/3) Vaults:2       Tomb (0/3) Crypt:3      Depths (4/4) D:15
    Zot (5/5) Depths:4      IceCv (visited)         Desolation (visited)

Altars:
Ashenzari
Cheibriados
Dithmenos
Elyvilon
Fedhas
Gozag
Hepliaklqana
Kikubaaqudgha
Makhleb
Nemelex Xobeh
Okawaru
Qazlal
Ru
Sif Muna
Trog
Uskayaw
Vehumet
Wu Jian
Xom
Yredelemnul
Zin
The Shining One
Jiyva

Shops:
D:7 :   Orc:2 !([*![**:   Vaults:5 !?=[:*   Depths:4 [[*

Portals:
Hell: Depths:1 Depths:2 Depths:3 Depths:4
Abyss: Depths:1 Depths:3 Depths:4
Pandemonium: Depths:2
Ziggurat: Depths:2

Annotations:
Elf:2 3 runed translucent doors
Zot:1 2 transporters

# # # # ## .#
########### .##
#.........#
..#######...###...#
#.......'...#.#.@.#
#.#######...###9..#
#.# #.........# ..#
########### ..# .##
## #


You could see a friendly spellforged servitor (summoned).


Message History

The iron shot hits the Orb Guardian!!!
The Orb Guardian is heavily wounded.
Your spellforged servitor gestures at the Orb Guardian while chanting.
The crystal spear hits the Orb Guardian!!!
An Orb Guardian comes into view.
Unknown command.
The Orb Guardian hits your spellforged servitor!
Aiming: Iron Shot (safe; 1% risk of failure)
Press: ? - help, Q - select action, (/) - cycle Shift-Dir - straight line, f - Orb Guardian, p - Orb Guardian
Aim: an Orb Guardian (71% to hit)
The iron shot hits the Orb Guardian!!!
The Orb Guardian is severely wounded.
The Orb Guardian hits your spellforged servitor!
Your spellforged servitor points at the Orb Guardian and mumbles some strange words.
The crystal spear hits the Orb Guardian!
The Orb Guardian dies!
Vehumet accepts your kill.
Your Spellcasting skill increases to level 18!
Your spellforged servitor points at the Orb Guardian and mumbles some strange words.
The crystal spear hits the Orb Guardian!!!
The Orb Guardian dies!
Vehumet accepts your kill.
You start resting.
An Orb Guardian comes into view.
Aiming: Iron Shot (safe; 1% risk of failure)
Press: ? - help, Q - select action, (/) - cycle Shift-Dir - straight line, f - you
Okay, then.
Casting: Iron Shot (safe; 1% risk of failure)
Confirm with . or Enter, or press ? or * to list all spells.
Aiming: Lehudib's Crystal Spear (mildly dangerous; 1% risk of failure)
Press: ? - help, Shift-Dir - straight line, f - Orb Guardian
Aim: an Orb Guardian (ally target, 76% to hit)
The crystal spear hits the Orb Guardian!!!
The Orb Guardian is severely wounded.
Your spellforged servitor gestures at the Orb Guardian while chanting.
The crystal spear hits the Orb Guardian!!!
The Orb Guardian dies!
Vehumet accepts your kill.
An Orb Guardian comes into view.
Your spellforged servitor disappears in a puff of smoke!
Casting: Lehudib's Crystal Spear (mildly dangerous; 1% risk of failure)
Confirm with . or Enter, or press ? or * to list all spells.
You summon a servant imbued with your destructive magic!
Aiming: Iron Shot (safe; 1% risk of failure)
Press: ? - help, Q - select action, (/) - cycle Shift-Dir - straight line, f - Orb Guardian
Aim: an Orb Guardian (ally target, 71% to hit)
Okay, then.
Casting: Iron Shot (safe; 1% risk of failure)
Confirm with . or Enter, or press ? or * to list all spells.
Aiming: Lehudib's Crystal Spear (mildly dangerous; 1% risk of failure)
Press: ? - help, Shift-Dir - straight line, f - Orb Guardian
Aim: an Orb Guardian (ally target, 76% to hit)
The crystal spear hits the Orb Guardian!!!!
You kill the Orb Guardian!
Vehumet accepts your kill.
You feel your power returning.
You start resting.
An Orb Guardian comes into view.
Your spellforged servitor gestures at the Orb Guardian while chanting.
The crystal spear hits the Orb Guardian!!!
The Orb Guardian hits your spellforged servitor!
The Orb Guardian closely misses your spellforged servitor.
The Orb Guardian hits your spellforged servitor.
Your spellforged servitor points at the Orb Guardian and mumbles some strange words.
The crystal spear hits the Orb Guardian!!
The Orb Guardian hits your spellforged servitor!!
The Orb Guardian hits your spellforged servitor!!
Your spellforged servitor points at the Orb Guardian and mumbles some strange words.
The crystal spear hits the Orb Guardian!!!
The Orb Guardian dies!
Vehumet accepts your kill.
You start resting.
Your spellforged servitor disappears in a puff of smoke!
Magic restored.
You start waiting.
Done waiting.
Found a chain mail.
Found the Orb of Zot.
An Orb Guardian comes into view.
Casting: Lehudib's Crystal Spear (mildly dangerous; 1% risk of failure)
Confirm with . or Enter, or press ? or * to list all spells.
Okay, then.
Unknown command.
Aiming: Iron Shot (safe; 1% risk of failure)
Press: ? - help, Q - select action, (/) - cycle Shift-Dir - straight line, f - Orb Guardian
Aim: an Orb Guardian (wandering, hasn't noticed you, 71% to hit)
The iron shot hits the Orb Guardian!!!
The Orb Guardian is heavily wounded.
Casting: Iron Shot (safe; 1% risk of failure)
Confirm with . or Enter, or press ? or * to list all spells.
Aiming: Lehudib's Crystal Spear (mildly dangerous; 1% risk of failure)
Press: ? - help, Shift-Dir - straight line, f/p - Orb Guardian
Aim: an Orb Guardian (heavily wounded, 76% to hit)
The crystal spear misses the Orb Guardian.
The Orb Guardian disappears!
You start resting.
A golden dragon comes into view.
Casting: Lehudib's Crystal Spear (mildly dangerous; 1% risk of failure)
Confirm with . or Enter, or press ? or * to list all spells.
You summon a servant imbued with your destructive magic!
The golden dragon roars deafeningly!
You hear a roar!
Aiming: Iron Shot (safe; 1% risk of failure)
Press: ? - help, Q - select action, (/) - cycle Shift-Dir - straight line, f - golden dragon
Aim: a golden dragon (ally target, 87% to hit)
The iron shot misses the golden dragon.
The golden dragon breathes fire at you. The bolt of fire misses you.
Aiming: Iron Shot (safe; 1% risk of failure)
Press: ? - help, Q - select action, (/) - cycle Shift-Dir - straight line, f/p - golden dragon
Aim: a golden dragon (ally target, 87% to hit)
The iron shot hits the golden dragon!!!
The golden dragon is heavily wounded.
The golden dragon breathes cold at you. The bolt of cold misses you.
You hear a roar!
Your spellforged servitor gestures at the golden dragon while chanting.
The crystal spear hits the golden dragon!!
The golden dragon breathes cold at your spellforged servitor.
The bolt of cold misses your spellforged servitor.
Your spellforged servitor points at the golden dragon and mumbles some strange words.
The crystal spear hits the golden dragon!!!
The golden dragon dies!
Vehumet accepts your kill.
The gold dragon scales are intact enough to wear.
You start resting.
A black draconian comes into view. It is wielding a +0 hand axe.
Aiming: Iron Shot (safe; 1% risk of failure)
Press: ? - help, Q - select action, (/) - cycle Shift-Dir - straight line, f - black draconian
Aim: a black draconian, wielding a +0 hand axe (ally target, 79% to hit)
The iron shot hits the black draconian!!!
The black draconian is moderately wounded.
The black draconian breathes lightning at you.
The bolt of lightning misses you.
You hear a shout!
Aiming: Iron Shot (safe; 1% risk of failure)
Press: ? - help, Q - select action, (/) - cycle Shift-Dir - straight line, f/p - black draconian
Aim: a black draconian, wielding a +0 hand axe (moderately wounded, catching its breath, ally target, 79% to hit)
The iron shot hits the black draconian!!!
The black draconian is severely wounded.
You start resting.
Your spellforged servitor points at the black draconian and mumbles some strange words.
The crystal spear hits the black draconian!!!
The black draconian dies!
Vehumet accepts your kill.
You hear a roar!
You start resting.
A white draconian stormcaller comes into view.
It is wielding a +0 long sword.
Aiming: Iron Shot (safe; 1% risk of failure)
Press: ? - help, Q - select action, (/) - cycle Shift-Dir - straight line, f - you
Okay, then.
An ancient lich comes into view.
The white draconian stormcaller mumbles some strange prayers to Qazlal against you.
The cutting wind hits you!!
The cutting wind hits your spellforged servitor!!!
Aiming: Iron Shot (safe; 1% risk of failure)
Press: ? - help, Q - select action, (/) - cycle Shift-Dir - straight line, f - you
Okay, then.
Aiming: Iron Shot (safe; 1% risk of failure)
Press: ? - help, Q - select action, (/) - cycle Shift-Dir - straight line, f - ancient lich
Aim: an ancient lich (79% to hit)
The iron shot hits the ancient lich!!!
The ancient lich is heavily damaged.
The ancient lich gestures at you while chanting.
The bolt of acid hits you!!!
Aiming: Iron Shot (safe; 1% risk of failure)
Press: ? - help, Q - select action, (/) - cycle Shift-Dir - straight line, f/p - ancient lich
Aim: an ancient lich (heavily damaged, ally target, 79% to hit)
The iron shot hits the white draconian stormcaller!!!
The white draconian stormcaller is heavily wounded.
The ancient lich casts a spell.
The ancient lich seems to speed up.
The white draconian stormcaller mumbles some strange prayers to Qazlal.
Send 'em back where they came from!
Your spellforged servitor disappears in a puff of smoke!
Aiming: Iron Shot (safe; 1% risk of failure)
Press: ? - help, Q - select action, (/) - cycle Shift-Dir - straight line, f/p - ancient lich
Aim: an ancient lich (heavily damaged, fast, 79% to hit)
The iron shot hits the white draconian stormcaller!!
The white draconian stormcaller is almost dead.
The ancient lich casts a spell.
The ancient lich flickers and vanishes for a moment.
The white draconian stormcaller breathes frost at you.
The blast of cold misses you.
Casting: Iron Shot (safe; 1% risk of failure)
Confirm with . or Enter, or press ? or * to list all spells.
You summon a servant imbued with your destructive magic!
The white draconian stormcaller mumbles some strange prayers to Qazlal.
Aiming: Iron Shot (safe; 1% risk of failure)
Press: ? - help, Q - select action, (/) - cycle Shift-Dir - straight line, f - white draconian stormcaller, p - ancient lich
Aim: a white draconian stormcaller, wielding a +0 long sword and wearing a +2 cloak (almost dead, catching its breath, ally target, 79% to hit)
The iron shot misses the ancient lich.
The iron shot hits the white draconian stormcaller!!!
You kill the white draconian stormcaller!
Vehumet accepts your kill.
You feel your power returning.
The swamp drake disappears in a puff of smoke!
The ancient lich casts a spell at you. The bolt of acid hits you!!
Casting: Iron Shot (safe; 1% risk of failure)
Confirm with . or Enter, or press ? or * to list all spells.
Aiming: Lehudib's Crystal Spear (mildly dangerous; 1% risk of failure)
Press: ? - help, Shift-Dir - straight line, f - ancient lich
Aim: an ancient lich (moderately damaged, fast, slightly transparent, 83% to hit)
The crystal spear hits the ancient lich!!!
The ancient lich is almost destroyed.
You block the ancient lich's attack. The ancient lich casts a spell at you.
The bolt of acid hits you!! The acid corrodes you!
You block the ancient lich's attack. The ancient lich touches you!
You block the ancient lich's attack.
The ancient lich points at you and mumbles some strange words.
You resist with almost no effort. The ancient lich touches you!
You partially resist.
You feel drained.
Aiming: Iron Shot (safe; 1% risk of failure)
Press: ? - help, Q - select action, (/) - cycle Shift-Dir - straight line, f/p - ancient lich
Aim: an ancient lich (almost destroyed, fast, slightly transparent, 79% to hit)
The iron shot hits the ancient lich!!!
You destroy the ancient lich!
Vehumet accepts your kill.
You feel your power returning.
Your life force feels restored.
You are no longer corroded.
The Orb Guardian hits you but does no damage.
You block the Orb Guardian's attack.
The Orb Guardian attacks as you move away!
You block the Orb Guardian's attack. You block the Orb Guardian's attack.
The Orb Guardian hits you but does no damage.
Casting: Iron Shot (safe; 1% risk of failure)
Confirm with . or Enter, or press ? or * to list all spells.
Aiming: Lehudib's Crystal Spear (mildly dangerous; 1% risk of failure)
Press: ? - help, Shift-Dir - straight line, f - Orb Guardian
Aim: an Orb Guardian (ally target, 76% to hit)
The crystal spear misses the Orb Guardian.
Your spellforged servitor gestures at the Orb Guardian while chanting.
The crystal spear hits the Orb Guardian!!!
You block the Orb Guardian's attack.
Casting: Lehudib's Crystal Spear (mildly dangerous; 1% risk of failure)
Confirm with . or Enter, or press ? or * to list all spells.
Aiming: Lehudib's Crystal Spear (mildly dangerous; 1% risk of failure)
Press: ? - help, Shift-Dir - straight line, f/p - Orb Guardian
Aim: an Orb Guardian (heavily wounded, ally target, 76% to hit)
The crystal spear hits the Orb Guardian!!!
The Orb Guardian is almost dead.
You block the Orb Guardian's attack.
Your spellforged servitor casts a spell at the Orb Guardian.
The crystal spear hits the Orb Guardian!!!!
The Orb Guardian dies!
Vehumet accepts your kill.
(D) Dungeon (T) Temple (L) Lair (A) Shoals (P) Snake Pit (M) Slime Pits (O) Orcish Mines (E) Elven Halls (V) Vaults (C) Crypt (W) Tomb (U) Depths (H) Hell (Z) Zot
Where to? (Enter - Zot:5 @ (x,y), ? - help)
Your spellforged servitor disappears in a puff of smoke!
A golden dragon comes into view.
The golden dragon roars deafeningly!
The golden dragon breathes poison at you.
There is a stone staircase leading up here.
You climb upwards.
There is a stone staircase leading down, spattered with blood here.
Things that are here:
a +0 cloak; a +0 dagger You start resting.
HP restored.
You start resting.
Magic restored.
You climb downwards.
There is a stone staircase leading up here.
You start waiting.
A golden dragon is nearby!
The golden dragon breathes poison at you.
Casting: Lehudib's Crystal Spear (mildly dangerous; 1% risk of failure)
Confirm with . or Enter, or press ? or * to list all spells.
You summon a servant imbued with your destructive magic!
The golden dragon breathes poison at you.
Your spellforged servitor casts a spell at the golden dragon.
The crystal spear hits the golden dragon!!!!
The golden dragon breathes poison at your spellforged servitor.
The blast of poison engulfs your spellforged servitor.
Your spellforged servitor completely resists.
Your spellforged servitor casts a spell at the golden dragon.
The crystal spear hits the golden dragon!!!
The golden dragon dies!
Vehumet accepts your kill.
You start resting.
Magic restored.
Save game and exit?
Welcome back, scionoferis the Green Draconian Ice Elementalist.
Vehumet says: Let it end in hellfire!
Press ? for a list of commands and other information.
Cast which spell? (? or * to list)
Okay, then.
You start waiting.
Your spellforged servitor disappears in a puff of smoke!
Done waiting.
Unknown command.
Cast which spell? (? or * to list)
The dungeon rumbles!
Ka-crash!
You hear a shout!
Unknown command.
Casting: Shatter (dangerous; 1% risk of failure)
Confirm with . or Enter, or press ? or * to list all spells.
The dungeon rumbles!
Ka-crash!
You hear a roar!
Unknown command.
Casting: Shatter (dangerous; 1% risk of failure)
Confirm with . or Enter, or press ? or * to list all spells.
The dungeon rumbles!
Unknown command.
Casting: Shatter (dangerous; 1% risk of failure)
Confirm with . or Enter, or press ? or * to list all spells.
The dungeon rumbles!
Ka-crash!
Unknown command.
Casting: Shatter (dangerous; 1% risk of failure)
Confirm with . or Enter, or press ? or * to list all spells.
The dungeon rumbles!
Ka-crash!
Unknown command.
Casting: Shatter (dangerous; 1% risk of failure)
Confirm with . or Enter, or press ? or * to list all spells.
The dungeon rumbles!
Ka-crash!
Unknown command.
Casting: Shatter (dangerous; 1% risk of failure)
Confirm with . or Enter, or press ? or * to list all spells.
The dungeon rumbles!
Ka-crash!
Unknown command.
You see here a +0 dire flail.
There is a stone staircase leading up, spattered with blood here.
You climb upwards.
There is a stone staircase leading down here.
You start resting.
Magic restored.
You climb downwards.
There is a stone staircase leading up, spattered with blood here.
You see here a +0 mace.
Casting: Shatter (dangerous; 1% risk of failure)
Confirm with . or Enter, or press ? or * to list all spells.
The dungeon rumbles!
Ka-crash!
Unknown command.
Casting: Shatter (dangerous; 1% risk of failure)
Confirm with . or Enter, or press ? or * to list all spells.
The dungeon rumbles!
Unknown command.
Casting: Shatter (dangerous; 1% risk of failure)
Confirm with . or Enter, or press ? or * to list all spells.
The dungeon rumbles!
Ka-crash!
You hear a shout!
Unknown command.
Casting: Shatter (dangerous; 1% risk of failure)
Confirm with . or Enter, or press ? or * to list all spells.
The dungeon rumbles!
Ka-crash!
Unknown command.
You start resting.
Magic restored.
Casting: Shatter (dangerous; 1% risk of failure)
Confirm with . or Enter, or press ? or * to list all spells.
The dungeon rumbles!
Ka-crash!
You hear a shout!
Unknown command.
Casting: Shatter (dangerous; 1% risk of failure)
Confirm with . or Enter, or press ? or * to list all spells.
The dungeon rumbles!
Ka-crash!
Unknown command.
Casting: Shatter (dangerous; 1% risk of failure)
Confirm with . or Enter, or press ? or * to list all spells.
Okay, then.
You start resting.
Magic restored.
Casting: Shatter (dangerous; 1% risk of failure)
Confirm with . or Enter, or press ? or * to list all spells.
The dungeon rumbles!
Ka-crash!
You hear a roar!
You hear a shout!
You start resting.
A Killer Klown comes into view. It is wielding a +11 vorpal club.
Casting: Shatter (dangerous; 1% risk of failure)
Confirm with . or Enter, or press ? or * to list all spells.
The dungeon rumbles!
The Killer Klown is heavily wounded.
Ka-crash!
Unknown command.
Casting: Shatter (dangerous; 1% risk of failure)
Confirm with . or Enter, or press ? or * to list all spells.
The dungeon rumbles!
You kill the Killer Klown!
Vehumet accepts your kill.
You feel your power returning.
Ka-crash!
You start resting.
A white draconian stormcaller comes into view.
It is wielding a +0 long sword.
Casting: Shatter (dangerous; 1% risk of failure)
Confirm with . or Enter, or press ? or * to list all spells.
The dungeon rumbles!
The white draconian stormcaller is severely wounded.
Ka-crash!
Unknown command.
Casting: Shatter (dangerous; 1% risk of failure)
Confirm with . or Enter, or press ? or * to list all spells.
The dungeon rumbles!
You kill the white draconian stormcaller!
Vehumet accepts your kill.
You feel your power returning.
Ka-crash!
Your Conjurations skill increases to level 16!
You start resting.
Magic restored.
An Orb Guardian comes into view.
Casting: Shatter (dangerous; 1% risk of failure)
Confirm with . or Enter, or press ? or * to list all spells.
You summon a servant imbued with your destructive magic!
Aiming: Iron Shot (safe; 1% risk of failure)
Press: ? - help, Q - select action, (/) - cycle Shift-Dir - straight line, f - Orb Guardian
Aim: an Orb Guardian (ally target, 71% to hit)
The iron shot misses the Orb Guardian.
Unknown command.
Aiming: Iron Shot (safe; 1% risk of failure)
Press: ? - help, Q - select action, (/) - cycle Shift-Dir - straight line, f/p - Orb Guardian
Aim: an Orb Guardian (ally target, 71% to hit)
The iron shot hits the Orb Guardian!!!
The Orb Guardian is severely wounded.
Your spellforged servitor points at the Orb Guardian and mumbles some strange words.
The crystal spear hits the Orb Guardian!!!
The Orb Guardian dies!
Vehumet accepts your kill.
Your Evocations skill increases to level 12!
Unknown command.
You start resting.
Your spellforged servitor disappears in a puff of smoke!
Magic restored.
Found 4 stones.
Found a wand of polymorph (4).
Y - a wand of polymorph (4)
You drop a wand of polymorph (4).
An Orb Guardian comes into view.
Casting: Iron Shot (safe; 1% risk of failure)
Confirm with . or Enter, or press ? or * to list all spells.
You summon a servant imbued with your destructive magic!
Your spellforged servitor gestures at the Orb Guardian while chanting.
The crystal spear hits the Orb Guardian!!!
Aiming: Iron Shot (safe; 1% risk of failure)
Press: ? - help, Q - select action, (/) - cycle Shift-Dir - straight line, f - Orb Guardian
Aim: an Orb Guardian (heavily wounded, not watching you, ally target, 71% to hit)
The iron shot misses the Orb Guardian.
Unknown command.
Aiming: Iron Shot (safe; 1% risk of failure)
Press: ? - help, Q - select action, (/) - cycle Shift-Dir - straight line, f/p - Orb Guardian
Aim: an Orb Guardian (heavily wounded, ally target, 71% to hit)
The iron shot hits the Orb Guardian!!!
The Orb Guardian is almost dead.
Your spellforged servitor gestures at the Orb Guardian while chanting.
The crystal spear hits the Orb Guardian!!!
The Orb Guardian dies!
Vehumet accepts your kill.
You start resting.
Your spellforged servitor disappears in a puff of smoke!
Magic restored.
Found a hand axe.
You see here the Orb of Zot.
Things that are here:
a +2 cloak; a +0 long sword; a +0 hand axe
Things that are here:
a +0 long sword; a +0 cloak You see here a +11 vorpal club.
Done exploring.
Done exploring.
You see here a +11 vorpal club.
Things that are here:
a +0 long sword; a +0 cloak Really walk onto that alarm trap?
You set off the alarm!
The alarm trap emits a blaring wail!
A sentinel's mark forms upon you.
The sentinel's mark upon you fades away.
Really walk onto that alarm trap?
You set off the alarm!
The alarm trap emits a blaring wail!
A sentinel's mark forms upon you.
The sentinel's mark upon you fades away.
You see here +0 gold dragon scales.
Really quaff the potion of mutation?
You feel extremely strange. The horns on your head shrink away.
You no longer become unable to drink potions after taking damage.
You feel clumsy.
You feel robust.
You start resting.
HP restored.
You see here the Orb of Zot.
Okay, then.
Unknown command.
Save game and exit?
Welcome back, scionoferis the Green Draconian Ice Elementalist.
Vehumet says: Let it end in hellfire!
Press ? for a list of commands and other information.
Unknown command.
Unknown command.
You feel yourself speed up.
You pick up the Orb of Zot!
The Orb lets out a hideous shriek!
The lords of Pandemonium are not amused.
Beware!
Now all you have to do is get back out of the dungeon!
Really walk into that permanent teleport trap?
You enter a permanent teleport trap!
Your surroundings suddenly seem different.
Really walk into that permanent teleport trap?
You enter a permanent teleport trap!
Your surroundings suddenly seem different.
(D) Dungeon (T) Temple (L) Lair (A) Shoals (P) Snake Pit (M) Slime Pits (O) Orcish Mines (E) Elven Halls (V) Vaults (C) Crypt (W) Tomb (U) Depths (H) Hell (Z) Zot
Where to? (? - help)
What level of the Dungeon? (default 15, ? - help)
Items here: ! ) [[.
There is a stone staircase leading up here.
You climb upwards.
There is a stone staircase leading down, spattered with blood here.
Things that are here:
a +0 cloak; a +0 dagger
There is a stone staircase leading up, spattered with blood here.
You climb upwards.
There is a stone staircase leading down here.
A small abomination comes into view.
Unknown command.
(D) Dungeon (T) Temple (L) Lair (A) Shoals (P) Snake Pit (M) Slime Pits (O) Orcish Mines (E) Elven Halls (V) Vaults (C) Crypt (W) Tomb (U) Depths (H) Hell (Z) Zot
Where to? (Enter - D:1 @ (x,y), ? - help)
What level of the Dungeon? (default 15, ? - help)
A small abomination is nearby!
Your extra speed is starting to run out.
(D) Dungeon (T) Temple (L) Lair (A) Shoals (P) Snake Pit (M) Slime Pits (O) Orcish Mines (E) Elven Halls (V) Vaults (C) Crypt (W) Tomb (U) Depths (H) Hell (Z) Zot
Where to? (Enter - D:1 @ (x,y), ? - help)
What level of the Dungeon? (default 15, ? - help)
A small abomination is nearby!
An Orb Guardian comes into view.
There is a stone staircase leading up here.
You climb upwards.
You feel yourself slow down.
There is a stone staircase leading down here.
(D) Dungeon (T) Temple (L) Lair (A) Shoals (P) Snake Pit (M) Slime Pits (O) Orcish Mines (E) Elven Halls (V) Vaults (C) Crypt (W) Tomb (U) Depths (H) Hell (Z) Zot
Where to? (Enter - D:1 @ (x,y), ? - help)
What level of the Dungeon? (default 15, ? - help)
A cacodemon and an orange demon come into view.
The orange demon moves out of view.
Some rock shatters into small pieces.
There is a stone staircase leading up here.
You climb upwards.
Level annotation: 2 transporters
There is a stone staircase leading down here.
(D) Dungeon (T) Temple (L) Lair (A) Shoals (P) Snake Pit (M) Slime Pits (O) Orcish Mines (E) Elven Halls (V) Vaults (C) Crypt (W) Tomb (U) Depths (H) Hell (Z) Zot
Where to? (Enter - D:1 @ (x,y), ? - help)
What level of the Dungeon? (default 15, ? - help)
There is a gate leading back out of this place here.
You go up through the gate.
Welcome back to the Depths!
There is a gate to the Realm of Zot here.
A Coeggaed and a blizzard demon come into view.
Press: ? - help, v - describe, . - travel
Here: Coeggaed, armed with a distorting touch (surrounded by thunder)
The floor.
Blink to where?
Press: ? - help, Dir - move target
As you read the scroll of blinking, it crumbles to dust.
Coeggaed moves out of view.
The blizzard demon moves out of view.
(D) Dungeon (T) Temple (L) Lair (A) Shoals (P) Snake Pit (M) Slime Pits (O) Orcish Mines (E) Elven Halls (V) Vaults (C) Crypt (W) Tomb (U) Depths (H) Hell (Z) Zot
Where to? (Enter - D:1 @ (x,y), ? - help)
What level of the Dungeon? (default 15, ? - help) Coeggaed is nearby!
There is an entrance to Jiycewue's Armour Boutique here.
There is a stone staircase leading up here.
You climb upwards.
There is a stone staircase leading down here.
(D) Dungeon (T) Temple (L) Lair (A) Shoals (P) Snake Pit (M) Slime Pits (O) Orcish Mines (E) Elven Halls (V) Vaults (C) Crypt (W) Tomb (U) Depths (H) Hell (Z) Zot
Where to? (Enter - D:1 @ (x,y), ? - help)
What level of the Dungeon? (default 15, ? - help)
A demonspawn warmonger and a demonspawn corrupter come into view.
The demonspawn warmonger is wielding a +0 demon blade of electrocution, wearing a +2 plate armour of fire resistance and wearing a +2 tower shield of poison resistance.
The demonspawn corrupter is wielding a +2 vampiric demon blade.
An Executioner comes into view.
The Executioner gives a hideous shriek!
You feel yourself speed up.
The Executioner hits you but does no damage.
The Executioner barely misses you. You block the Executioner's attack.
The Executioner attacks as you move away!
You block the Executioner's attack. x2; The Executioner misses you.
The Executioner attacks as you move away!
You block the Executioner's attack. x2; The Executioner hits you.
You block the Executioner's attack. The Executioner closely misses you.
The Executioner hits you but does no damage.
You block the Executioner's attack. x2; The Executioner misses you.
There is a stone staircase leading up here.
The Executioner attacks as you move away!
You block the Executioner's attack. The Executioner hits you.
The Executioner closely misses you.
The demonspawn warmonger calls upon its god to speed up the demonspawn corrupter.
The demonspawn corrupter seems to speed up.
You block the Executioner's attack. x3
Cast which spell? (? or * to list)
Aiming: Lehudib's Crystal Spear (mildly dangerous; 1% risk of failure)
Press: ? - help, Shift-Dir - straight line, f - Executioner
Aim: an Executioner (72% to hit)
The crystal spear hits the Executioner!!!!
You kill the Executioner!
Vehumet accepts your kill.
You feel your power returning.
A Tzitzimitl comes into view.
The demonspawn corrupter mumbles some strange prayers to Lugonu against you.
The entropic weave corrodes you!
There is a stone staircase leading up here.
You climb upwards.
There is a stone staircase leading down here.
(D) Dungeon (T) Temple (L) Lair (A) Shoals (P) Snake Pit (M) Slime Pits (O) Orcish Mines (E) Elven Halls (V) Vaults (C) Crypt (W) Tomb (U) Depths (H) Hell (Z) Zot
Where to? (Enter - D:1 @ (x,y), ? - help)
What level of the Dungeon? (default 15, ? - help)
Things that are here:
a scroll of enchant weapon; an amulet of regeneration; a staff of conjuration
Things that are here:
a +0 animal skin; a +0 quarterstaff
There is an open door here.
There is an open door here.
Magic restored.
You are no longer corroded.
There is an open door here.
There is an open door here.
You enter the shallow water.
Moving in this stuff is going to be slow.
There is a stormy altar of Qazlal here.
You enter the shallow water.
Moving in this stuff is going to be slow.
There is a large open door here.
A demonspawn blood saint and a balrug come into view.
The balrug is wielding a +2 demon whip of flaming.
The balrug shouts!
Your extra speed is starting to run out.
A shadow demon comes into view.
The shadow demon gestures.
You feel yourself slow down.
You hit the spark wasp zombie but do no damage.
You block the spark wasp zombie's attack.
The spark wasp zombie hits you!
A ynoxinul comes into view.
You hit the spark wasp zombie but do no damage.
The balrug gestures at you. Makhleb smites you!
You block the spark wasp zombie's attack.
You block the necromancer's attack.
You block the spark wasp zombie's attack.
You block the tengu reaver simulacrum's attack.
The tengu reaver simulacrum pecks you but does no damage.
The tengu reaver simulacrum claws you but does no damage.
Blink to where?
Press: ? - help, Dir - move target
As you read the scroll of blinking, it crumbles to dust.
The ynoxinul gestures.
The ufetubus attacks as you move away! You block the ufetubus's attack. x2
You block the ufetubus's attack. x2
The ufetubus attacks as you move away! You block the ufetubus's attack. x4
You block the ufetubus's attack.
The ufetubus hits you but does no damage.
You block the ufetubus's attack. x2
You block the ufetubus's attack. The ufetubus completely misses you.
You block the ufetubus's attack. The ufetubus barely misses you.
The ufetubus attacks as you move away! You block the ufetubus's attack. x2
The ufetubus attacks as you move away!
The ufetubus hits you but does no damage.
The ufetubus completely misses you. You block the ufetubus's attack.
The ufetubus completely misses you. You block the ufetubus's attack. x2
The ufetubus attacks as you move away! You block the ufetubus's attack. x2
The ufetubus completely misses you. You block the ufetubus's attack.
The ufetubus disappears in a puff of smoke!
You block the ufetubus's attack. x2
The ufetubus disappears in a puff of smoke!
You block the ufetubus's attack.
The ufetubus hits you but does no damage.
You block the ufetubus's attack. x2
The ufetubus attacks as you move away! You block the ufetubus's attack. x2
The ufetubus disappears in a puff of smoke!
The ynoxinul gestures.
You block the spark wasp zombie's attack.
You block the spark wasp zombie's attack.
The spark wasp zombie attacks as you move away!
You block the spark wasp zombie's attack.
There is a stone staircase leading up here.
You block the spark wasp zombie's attack.
You climb upwards.
There is a stone staircase leading down here.
(D) Dungeon (T) Temple (L) Lair (A) Shoals (P) Snake Pit (M) Slime Pits (O) Orcish Mines (E) Elven Halls (V) Vaults (C) Crypt (W) Tomb (U) Depths (H) Hell (Z) Zot
Where to? (Enter - D:1 @ (x,y), ? - help)
What level of the Dungeon? (default 15, ? - help)
A hellion comes into view.
The hellion gives a hideous shriek!
Aiming: Iron Shot (safe; 1% risk of failure)
Press: ? - help, Q - select action, (/) - cycle Shift-Dir - straight line, f - hellion
Aim: a hellion (79% to hit)
Okay, then.
Casting: Iron Shot (safe; 1% risk of failure)
Confirm with . or Enter, or press ? or * to list all spells.
Aiming: Lehudib's Crystal Spear (mildly dangerous; 1% risk of failure)
Press: ? - help, Shift-Dir - straight line, f - hellion
Aim: a hellion (83% to hit)
The crystal spear hits the hellion!!!!
You kill the hellion!
Vehumet accepts your kill.
You feel your power returning.
(D) Dungeon (T) Temple (L) Lair (A) Shoals (P) Snake Pit (M) Slime Pits (O) Orcish Mines (E) Elven Halls (V) Vaults (C) Crypt (W) Tomb (U) Depths (H) Hell (Z) Zot
Where to? (Enter - D:1 @ (x,y), ? - help)
What level of the Dungeon? (default 15, ? - help) Magic restored.
A Tzitzimitl comes into view.
You see here a +0 buckler.
You see here 5 large rocks.
There is a staircase back to the Dungeon, spattered with blood here.
You climb upwards.
Welcome back to the Dungeon!
There is a staircase to the Depths here.
(D) Dungeon (T) Temple (L) Lair (A) Shoals (P) Snake Pit (M) Slime Pits (O) Orcish Mines (E) Elven Halls (V) Vaults (C) Crypt (W) Tomb (U) Depths (H) Hell (Z) Zot
Where to? (Enter - D:1 @ (x,y), ? - help)
What level of the Dungeon? (default 1, ? - help)
Items here: ))) = [[[[.
Things that are here:
a +0 robe; a +0 dagger You see here a +0 chain mail.
There is a stone staircase leading up here.
You climb upwards.
There is a stone staircase leading down here.
There is a stone staircase leading up here.
You climb upwards.
There is a stone staircase leading down here.
A demonspawn blood saint and a balrug come into view.
The demonspawn blood saint is wielding a +0 dagger and wearing a +0 robe of willpower.
The balrug is wielding a +0 demon whip of electrocution.
The balrug moves out of view.
There is an open door here. 2 hell hogs come into view.
The hell hog squeals angrily.
The hell hog breathes fire at you.
The fireball explodes!
The fireball engulfs you but does no damage.
The hell hog breathes fire at you.
The fireball explodes!
The fireball engulfs you but does no damage.
There is a stone staircase leading up here.
You climb upwards.
A lich and a large abomination come into view.
There is a stone staircase leading down here.
(D) Dungeon (T) Temple (L) Lair (A) Shoals (P) Snake Pit (M) Slime Pits (O) Orcish Mines (E) Elven Halls (V) Vaults (C) Crypt (W) Tomb (U) Depths (H) Hell (Z) Zot
Where to? (Enter - D:1 @ (x,y), ? - help)
What level of the Dungeon? (default 1, ? - help)
There are monsters nearby!
The lich shouts!
There is a stone staircase leading up here.
You climb upwards.
There is a stone staircase leading down here.
(D) Dungeon (T) Temple (L) Lair (A) Shoals (P) Snake Pit (M) Slime Pits (O) Orcish Mines (E) Elven Halls (V) Vaults (C) Crypt (W) Tomb (U) Depths (H) Hell (Z) Zot
Where to? (Enter - D:1, ? - help)
What level of the Dungeon? (default 1, ? - help)
A ynoxinul comes into view.
The ynoxinul bellows!
The ynoxinul gestures.
Aiming: Iron Shot (safe; 1% risk of failure)
Press: ? - help, Q - select action, (/) - cycle Shift-Dir - straight line, f - ynoxinul
Aim: a ynoxinul (79% to hit)
The iron shot hits the ynoxinul!!!
You kill the ynoxinul!
Vehumet accepts your kill.
You feel your power returning.
The ufetubus disappears in a puff of smoke!
(D) Dungeon (T) Temple (L) Lair (A) Shoals (P) Snake Pit (M) Slime Pits (O) Orcish Mines (E) Elven Halls (V) Vaults (C) Crypt (W) Tomb (U) Depths (H) Hell (Z) Zot
Where to? (Enter - D:1 @ (x,y), ? - help)
What level of the Dungeon? (default 1, ? - help) Magic restored.
A toenail golem comes into view.
You see here 4 large rocks.
You see here a +0 troll leather armour.
Casting: Iron Shot (safe; 1% risk of failure)
Confirm with . or Enter, or press ? or * to list all spells.
Aiming: Lehudib's Crystal Spear (mildly dangerous; 1% risk of failure)
Press: ? - help, Shift-Dir - straight line, f - toenail golem
Aim: a toenail golem (94% to hit)
The crystal spear hits the toenail golem!!!
You destroy the toenail golem!
Vehumet accepts your kill.
You feel your power returning.
There is a stone staircase leading up here.
You climb upwards.
There is a stone staircase leading down here.
(D) Dungeon (T) Temple (L) Lair (A) Shoals (P) Snake Pit (M) Slime Pits (O) Orcish Mines (E) Elven Halls (V) Vaults (C) Crypt (W) Tomb (U) Depths (H) Hell (Z) Zot
Where to? (Enter - D:1 @ (x,y), ? - help)
What level of the Dungeon? (default 1, ? - help) Magic restored.
There is a stone staircase leading up here.
You climb upwards.
An Orb Guardian comes into view.
There is a stone staircase leading down here.
Casting: Lehudib's Crystal Spear (mildly dangerous; 1% risk of failure)
Confirm with . or Enter, or press ? or * to list all spells.
You summon a servant imbued with your destructive magic!
Unknown command.
Unknown command.
Unknown command.
You block the Orb Guardian's attack.
Your spellforged servitor casts a spell at the Orb Guardian.
The crystal spear hits the Orb Guardian!!!
The Orb Guardian hits your spellforged servitor!!
There is an open door here.
The Orb Guardian hits your spellforged servitor!!
Your spellforged servitor gestures at the Orb Guardian while chanting.
The crystal spear hits the Orb Guardian!!!
The Orb Guardian dies!
Vehumet accepts your kill.
(D) Dungeon (T) Temple (L) Lair (A) Shoals (P) Snake Pit (M) Slime Pits (O) Orcish Mines (E) Elven Halls (V) Vaults (C) Crypt (W) Tomb (U) Depths (H) Hell (Z) Zot
Where to? (Enter - D:1 @ (x,y), ? - help)
What level of the Dungeon? (default 1, ? - help)
There is an open door here.
A Julidd and a chaos spawn come into view.
The chaos spawn shouts in stereo!
Your spellforged servitor points at the chaos spawn and mumbles some strange words.
The crystal spear hits the chaos spawn!!!!
The chaos spawn dies!
Vehumet accepts your kill.
The chaos spawn degenerates into a cloud of primal chaos!
Julidd moves out of view.
(D) Dungeon (T) Temple (L) Lair (A) Shoals (P) Snake Pit (M) Slime Pits (O) Orcish Mines (E) Elven Halls (V) Vaults (C) Crypt (W) Tomb (U) Depths (H) Hell (Z) Zot
Where to? (Enter - D:1 @ (x,y), ? - help)
What level of the Dungeon? (default 1, ? - help)
There is an open door here.
Julidd is nearby!
You feel yourself speed up. Julidd gestures at you.
The crystal spear hits your spellforged servitor!!!
Your spellforged servitor is destroyed!
Your spellforged servitor disappears in a puff of smoke!
(D) Dungeon (T) Temple (L) Lair (A) Shoals (P) Snake Pit (M) Slime Pits (O) Orcish Mines (E) Elven Halls (V) Vaults (C) Crypt (W) Tomb (U) Depths (H) Hell (Z) Zot
Where to? (Enter - D:1 @ (x,y), ? - help)
What level of the Dungeon? (default 1, ? - help) Magic restored.
Julidd is nearby!
There is an open door here.
There is an open door here.
There is a stone staircase leading up here.
You climb upwards.
There is a stone staircase leading down here.
(D) Dungeon (T) Temple (L) Lair (A) Shoals (P) Snake Pit (M) Slime Pits (O) Orcish Mines (E) Elven Halls (V) Vaults (C) Crypt (W) Tomb (U) Depths (H) Hell (Z) Zot
Where to? (Enter - D:1 @ (x,y), ? - help)
What level of the Dungeon? (default 1, ? - help)
There is a stone staircase leading up here.
You climb upwards.
There is a stone staircase leading down here.
There is an escape hatch in the ceiling here.
There is a stone staircase leading up here.
You climb upwards.
There is a stone staircase leading down here.
Your extra speed is starting to run out.
There is a stone staircase leading up here.
You climb upwards.
There is a stone staircase leading down here.
You feel yourself slow down.
There is a stone staircase leading up here.
You climb upwards.
There is a stone staircase leading down here.
You see here a +0 sling.
A sixfirhy comes into view.
You block the sixfirhy's attack.
You slash the sixfirhy!
The sixfirhy is moderately wounded.
The sixfirhy misses you. The sixfirhy hits you. The sixfirhy shocks you.
You resist.
You hit the sixfirhy but do no damage.
The sixfirhy is moderately wounded.
Aiming: Iron Shot (safe; 1% risk of failure)
Press: ? - help, Q - select action, (/) - cycle Shift-Dir - straight line, f - sixfirhy
Aim: a sixfirhy (moderately wounded, 53% to hit)
The iron shot hits the sixfirhy!!
You kill the sixfirhy!
Vehumet accepts your kill.
There is a stone staircase leading up here.
HP restored.
You climb upwards.
There is a stone staircase leading down here.
(D) Dungeon (T) Temple (L) Lair (A) Shoals (P) Snake Pit (M) Slime Pits (O) Orcish Mines (E) Elven Halls (V) Vaults (C) Crypt (W) Tomb (U) Depths (H) Hell (Z) Zot
Where to? (Enter - D:1 @ (x,y), ? - help)
What level of the Dungeon? (default 1, ? - help)
There is a stone staircase leading up here.
You climb upwards.
There is a stone staircase leading down here.
Magic restored.
You see here a +0 club.
There is a stone staircase leading up here.
You climb upwards.
There is a stone staircase leading down here.
A balrug and 3 sun demons come into view.
Unknown command.
Casting: Iron Shot (safe; 1% risk of failure)
Confirm with . or Enter, or press ? or * to list all spells.
You summon a servant imbued with your destructive magic!
Your spellforged servitor casts a spell at the sun demon.
The crystal spear hits the sun demon!!!
The sun demon dies!
Vehumet accepts your kill.
Aiming: Iron Shot (safe; 1% risk of failure)
Press: ? - help, Q - select action, (/) - cycle Shift-Dir - straight line, f - sun demon
Aim: a sun demon (74% to hit)
The iron shot hits the sun demon!!!
The sun demon is almost dead.
Unknown command.
Aiming: Iron Shot (safe; 1% risk of failure)
Press: ? - help, Q - select action, (/) - cycle Shift-Dir - straight line, f - sun demon, p - sun demon
Aim: a sun demon (water, 74% to hit)
The iron shot hits the balrug!!!
The balrug is heavily wounded.
The balrug gestures at you.
The fireball explodes!
The fireball engulfs you. You resist.
The fireball engulfs your spellforged servitor.
Your spellforged servitor resists.
The fireball engulfs the sun demon.
The sun demon completely resists.
The sun demon closely misses your spellforged servitor.
Aiming: Iron Shot (safe; 1% risk of failure)
Press: ? - help, Q - select action, (/) - cycle Shift-Dir - straight line, f - balrug, p - sun demon
Aim: a balrug, wielding a +0 demon whip (heavily wounded, ally target, 74% to hit)
The iron shot hits the balrug!!!
You kill the balrug!
Vehumet accepts your kill.
You feel your power returning.
You hear a splash.
The sun demon misses your spellforged servitor.
Your spellforged servitor casts a spell at the sun demon.
The crystal spear hits the sun demon!!!
The sun demon dies!
Vehumet accepts your kill.
Unknown command.
Aiming: Iron Shot (safe; 1% risk of failure)
Press: ? - help, Q - select action, (/) - cycle Shift-Dir - straight line, f - sun demon
Aim: a sun demon (74% to hit)
The iron shot hits the sun demon!!!
The sun demon is severely wounded.
You block the sun demon's attack.
Aiming: Iron Shot (safe; 1% risk of failure)
Press: ? - help, Q - select action, (/) - cycle Shift-Dir - straight line, f/p - sun demon
Aim: a sun demon (severely wounded, ally target, 74% to hit)
The iron shot hits the sun demon!!!
You kill the sun demon!
Vehumet accepts your kill.
You feel your power returning.
There is an open door here.
There is a staircase leading out of the dungeon here.
Save game and exit?
Welcome back, scionoferis the Green Draconian Ice Elementalist.
Vehumet says: Let it end in hellfire!
Press ? for a list of commands and other information.
Unknown command.
Save game and exit?
Welcome back, scionoferis the Green Draconian Ice Elementalist.
Vehumet says: Let it end in hellfire!
Press ? for a list of commands and other information.
You have escaped!

Skill      XL: |  1  2  3  4  5  6  7  8  9 10 11 12 13 14 15 16 17 18 19 20 21 22 23 24 25 26 27 |
---------------+----------------------------------------------------------------------------------+-----
Stealth        | 2 3 |  3.0
Fighting       | 1 2 3 4 6 7 8 9 10 12 13 14 15 17 | 17.7
Ice Magic      | 5 6 12 14 15 | 15.0
Spellcasting   | 3 4 5 6 7 8 9 10 11 12 13 14 16 18 | 18.1
Dodging        | 2 3 4 5 6 7 8 9 10 11 12 14 15 17 | 17.1
Conjurations   | 2 4 5 6 7 9 11 12 13 14 16 | 16.0
Earth Magic    | 2 4 5 6 7 9 10 11 12 13 15 17 19 21 22 23 | 23.2
Shields        | 1 3 5 6 7 9 10 11 13 14 16 18 20 23 | 23.8
Fire Magic     | 3 6 |  6.0
Poison Magic   | 3 4 |  4.0
Transmutations | 2 4 |  4.0
Evocations     | 1 3 5 6 8 9 10 12 | 12.0
Air Magic      | 2 4 5 6 |  6.0
Summonings     | 7 9 |  9.0

Action                   |  1- 3 |  4- 6 |  7- 9 | 10-12 | 13-15 | 16-18 | 19-21 | 22-24 | 25-27 || total
-------------------------+-------+-------+-------+-------+-------+-------+-------+-------+-------++-------
Melee: Dagger            |    58 |    48 |    34 |       |       |       |       |       |       ||   140
       Tailslap          |     5 |     5 |    18 |    19 |    27 |     1 |    10 |    17 |     1 ||   103
       Punch             |       |     1 |     2 |       |       |       |       |       |       ||     3
       Whip              |       |       |    68 |       |       |       |       |       |     1 ||    69
       Short sword       |       |       |       |    42 |       |       |       |       |       ||    42
       Trident           |       |       |       |    82 |   127 |       |       |       |       ||   209
       Headbutt          |       |       |       |     6 |    45 |       |    10 |    22 |     1 ||    84
       Staff             |       |       |       |       |    64 |     4 |    48 |    44 |       ||   160
       Falchion          |       |       |       |       |       |       |       |    11 |     5 ||    16
       Broad axe         |       |       |       |       |       |       |       |     1 |     1 ||     2
Throw: Dart              |       |     7 |    50 |    43 |    43 |       |       |       |       ||   143
       Throwing net      |       |       |       |       |       |       |       |     5 |       ||     5
 Cast: Freeze            |    47 |    63 |    21 |       |       |       |       |       |       ||   131
       Frozen Ramparts   |     3 |    10 |    45 |    55 |    63 |     1 |     1 |       |       ||   178
       Ozocubu's Armour  |       |     1 |    19 |    47 |    41 |     4 |     5 |     4 |     1 ||   122
       Stone Arrow       |       |       |    29 |   304 |   278 |       |     1 |       |       ||   612
       Iron Shot         |       |       |       |     3 |    99 |    69 |   432 |   597 |   573 ||  1773
       Ignite Poison     |       |       |       |     2 |     2 |       |       |       |       ||     4
       Hailstorm         |       |       |       |     1 |    15 |     2 |    33 |    19 |       ||    70
       Freezing Cloud    |       |       |       |       |    74 |     7 |   127 |    55 |     1 ||   264
       Lee's Rapid Decon |       |       |       |       |       |     2 |     9 |    17 |     8 ||    36
       Ozocubu's Refrige |       |       |       |       |       |       |   124 |   198 |    19 ||   341
       Swiftness         |       |       |       |       |       |       |       |     1 |       ||     1
       Shatter           |       |       |       |       |       |       |       |    26 |   161 ||   187
       Blink             |       |       |       |       |       |       |       |     1 |     4 ||     5
       Spellforged Servi |       |       |       |       |       |       |       |       |    63 ||    63
       Lehudib's Crystal |       |       |       |       |       |       |       |       |    20 ||    20
 Abil: Breathe Noxious F |       |       |     1 |     4 |     2 |       |       |       |       ||     7
Evoke: Wand              |       |       |     2 |    24 |     4 |       |    17 |    11 |     8 ||    66
       Lightning rod     |       |       |       |       |       |       |     3 |     2 |     5 ||    10
       Phantom mirror    |       |       |       |       |       |       |       |     2 |       ||     2
  Use: Scroll            |       |       |     6 |     9 |     9 |     2 |     3 |     6 |    11 ||    46
       Potion            |       |       |       |     9 |     1 |     2 |     5 |     6 |     8 ||    31
 Stab: Sleeping          |     1 |     6 |     1 |       |       |       |       |       |       ||     8
Armor: Skin              |    21 |    25 |    47 |    46 |    92 |    14 |    72 |   102 |   104 ||   523
Dodge: Dodged            |    63 |    73 |   106 |   167 |   252 |    13 |   129 |   151 |   235 ||  1189
Block: Buckler           |       |       |       |    69 |    64 |       |       |       |       ||   133
       Kite shield       |       |       |       |       |    87 |    29 |   238 |   345 |   385 ||  1084
       Reflection        |       |       |       |       |    34 |    13 |    78 |    52 |    14 ||   191

Levels and vault maps discovered:
D:1:      nicolae_arrival_memento_mori, layout_rooms, fountainhead,
          minmay_quantized
D:2:      layout_loops_ring, grunt_ministairs_3, serial_bayou_lake_a,
          uniq_terence
D:3:      layout_loops_ring
D:4:      layout_loops_ring, feat_on_display, uniq_duvessa, uniq_natasha
D:5:      layout_basic, nzn_wu_jian_contemplation, mainiacjoe_overflow_chevrons,
          gammafunk_ghost_hive, uniq_blork_the_orc, uniq_pikel
D:6:      layout_rooms, mainiacjoe_overflow_24_doors, tgw_sif,
          minmay_temple_entry_enclosed_plants, serial_bayou_pond_d,
          minmay_misc_feat_secret_circle, uniq_prince_ribbit1
D:7:      layout_basic, gammafunk_ghost_smash, serial_shops, shop
D:8:      layout_loops_corners, erik_lair_island, kennysheep_doodads
D:9:      layout_roguey
D:10:     minmay_bloctagon_deflated, layout_rooms,
          nicolae_overflow_crystal_walls, grunt_tough_drop, uniq_gastronok,
          uniq_grum
D:11:     layout_loops_cross
D:12:     layout_basic, orc_0_dummy
D:13:     layout_roguey, lightli_vaults_fourway_checkpoint, uniq_nessos
D:14:     layout_loops_ring, elyvilon_altar_3, minmay_holes, grunt_ogre_cave,
          columned_hall_lemuel
D:15:     hangedman_depths_entry_civil_slaughter, layout_rooms,
          minmay_misc_feat_hallway, minmay_misc_feat_x
Temple:   hellmonk_temple_divided_pantheon
Lair:1:   layout_regular_city, portal_ice_cave_entry_ice_simulacra,
          chequers_serial_rivers_marsh, hangedman_tree_tricks,
          infiniplex_staircase_pool_2, grunt_megastairs_5
Lair:2:   layout_hall_layers, elwin_shoals_entry_rooms,
          guppyfry_snake_entry_garden, lemuel_fruit_fields, lemuel_fruit_fields,
          serial_bayou_shore_b
Lair:3:   layout_chaotic_city
Lair:4:   layout_gridlike, worms_lemuel, serial_bayou_shore_a
Lair:5:   guppyfry_lair_end_dragon, layout_hall_layers, wormcave, slime_entry_1,
          grunt_forest_large_clearings, grunt_megastairs_1
Shoals:1: layout_shoals
Shoals:2: layout_shoals, nicolae_shoals_this_corrosion
Shoals:3: layout_shoals, gammafunk_ghost_berserking_beasts, uniq_polyphemus
Shoals:4: shoals_end_grunt_ice, layout_shoals, nicolae_shoals_seven_spires,
          uniq_nikola
Snake:1:  layout_misc_corridors
Snake:2:  layout_cave_shapes, nicolae_snake_yet_another_twisty_hallway,
          uniq_agnes, uniq_aizul
Snake:3:  layout_onion_interference, nicolae_snake_springs
Snake:4:  minmay_snake_end_coiled, layout_grid_shapes
Slime:1:  cheibrodos_slime_lost_civilization_9, layout_caves,
          nicolae_slime_phagocytosis
Slime:2:  cheibrodos_slime_lost_civilization_2, layout_caves
Slime:3:  layout_caves
Slime:4:  layout_caves
Slime:5
Orc:1:    layout_diamond_mine
Orc:2:    st_orc_mages, layout_diamond_mine, serial_shops,
          nicolae_shop_statue_plus, nicolae_shop_stone, nicolae_shop_stone,
          shop, minmay_shop_mayhem
Elf:1:    minmay_elf_arrival_circle, layout_gridlike, minmay_elf_sorcery,
          einodemon_crawler_minivault, uniq_roxanne
Elf:2:    nicolae_elf_blades_crystal_corner, layout_geoelf_octagon
Elf:3:    minmay_elf_hall_four_x, layout_geoelf_castle
Vaults:1: hangedman_vaults_stretched_pinwheel, nicolae_vaults_little_squares_5,
          ontoclasm_vaults_bender, nicolae_vaults_yaktaur_gun_rack, v_pattern_4,
          nicolae_vaults_mini_display_case, hangedman_vaults_cutoff,
          hangedman_vaults_restitches, layout_vaults_omnigrid
Vaults:2: nicolae_vaults_gold_heap, grunt_vaults_trifunnel,
          nicolae_vaults_theta, nicolae_vaults_twisting_passages,
          nicolae_vaults_circle_grid_b, vaults_room_octagon, v_rooms_1,
          v_misc_2, v_rooms_3, vaults_room_door_hall, vaults_room_hallway,
          vaults_room_door_ring, st_check, layout_vaults_omnicross
Vaults:3: portal_desolation_entry_nicolae_nacl, v_rooms_5,
          nicolae_vaults_network_square, hangedman_vaults_capsules,
          nicolae_vaults_little_squares_4, nicolae_vaults_little_ls,
          nicolae_vaults_diagonal_hallway_6, v_misc_19, v_misc_24,
          layout_vaults_omnibox, uniq_margery, uniq_sojobo, uniq_mara
Vaults:4: ontoclasm_vaults_decontamination, ontoclasm_vaults_ring_square,
          hangedman_vaults_trim, vaults_room_corners,
          nicolae_vaults_circle_grid_b, v_misc_22, hangedman_vaults_trim,
          nicolae_vaults_windows_and_doors_thing, ontoclasm_vaults_ring_small,
          hangedman_vaults_maws, v_misc_25, ontoclasm_vaults_shuriken,
          v_misc_32, layout_vaults_ring
Vaults:5: serial_shops
Crypt:1:  layout_misc_corridors
Crypt:2:  layout_misc_corridors, grunt_ministairs_14
Crypt:3:  lightli_unholy_cathedral, layout_chaotic_city,
          nicolae_tomb_entry_grand_gallery, nzn_life_drinkers, uniq_xtahua,
          uniq_boris
Depths:1: layout_basic, roderic_serpentine_path, abyss_entry_crystal,
          hell_entry, wad_scary_box, uniq_saint_roka
Depths:2: hangedman_slaughterboxes, hell_entry, pan_entry
Depths:3: grunt_arcs, layout_basic, cheibrodos_ashenzari_chains, pf_coc_iceberg,
          abyss_entry
Depths:4: evilmike_zot_entry_hall, layout_cave_shapes,
          chequers_serial_rivers_room_a, serial_shops, nicolae_lakefront_shop,
          shop, shop, lightli_too_deep, hangedman_abyss_entry_splay,
          nicolae_qazlal_scattered_showers
Zot:1:    gammafunk_its_a_trap, layout_cellular_growth, uniq_grunn, uniq_vv
Zot:2:    layout_cellular_growth, st_stairs_14
Zot:3:    layout_basic, gammafunk_ghost_ooze
Zot:4:    gammafunk_the_bubble [the_bubble_gammafunk_grid],
          layout_concentric_octagons, lemuel_elevator
Zot:5:    layout_cathedral_of_symmetry

Notes
Turn   | Place    | Note
-------+----------+-------------------------------------------
     0 | D:1      | scionoferis the Draconian Ice Elementalist began the quest
                  | for the Orb.
     0 | D:1      | Reached XP level 1. HP: 14/14 MP: 3/3
   235 | D:1      | Reached skill level 2 in Stealth
   235 | D:1      | Reached XP level 2. HP: 17/22 MP: 0/5
   652 | D:1      | Reached skill level 1 in Fighting
   944 | D:1      | Reached XP level 3. HP: 28/28 MP: 4/6
   948 | D:1      | Learned a level 3 spell: Frozen Ramparts
  1590 | D:2      | Noticed Terence
  1600 | D:2      | Killed Terence
  1601 | D:2      | Reached XP level 4. HP: 30/36 MP: 0/7
  1853 | D:2      | Learned a level 3 spell: Ozocubu's Armour
  2026 | D:2      | Reached skill level 2 in Fighting
  2026 | D:2      | Reached skill level 5 in Ice Magic
  2037 | D:2      | Reached XP level 5. HP: 25/41 MP: 1/9
  2561 | D:2      | Upgraded the game from 0.30-a0-459-g9104f0fc43 to
                  | 0.30-a0-462-gd5975efbca
  3198 | D:3      | Reached skill level 3 in Stealth
  3198 | D:3      | Reached skill level 3 in Spellcasting
  3343 | D:4      | Noticed Dowan
  3344 | D:4      | Noticed Duvessa
  3485 | D:4      | Killed Dowan
  3486 | D:4      | Reached skill level 2 in Dodging
  3685 | D:4      | Reached XP level 6. HP: 41/50 MP: 4/11
  3776 | D:4      | Noticed Natasha
  3787 | D:4      | Killed Duvessa
  3788 | D:4      | Reached skill level 3 in Fighting
  3898 | D:4      | Killed Natasha
  3946 | D:4      | Noticed Natasha
  3948 | D:4      | Killed Natasha
  4017 | D:4      | Reached skill level 4 in Spellcasting
  4197 | D:4      | Noticed Natasha
  4203 | D:4      | Killed Natasha
  4277 | D:4      | Noticed an ice beast
  4478 | D:4      | Learned a level 3 spell: Stone Arrow
  4495 | D:5      | Entered Level 5 of the Dungeon
  4514 | D:5      | Your scales start taking on a lurid green colour.
  4514 | D:5      | Reached XP level 7. HP: 57/57 MP: 7/13
  4514 | D:5      | Gained mutation: Your system is resistant to poisons.
                  | (rPois) [Green Draconian growth]
  4696 | D:5      | Reached skill level 1 in Conjurations
  4696 | D:5      | Reached skill level 1 in Earth Magic
  4828 | D:5      | Noticed a yak
  4829 | D:5      | Noticed a yak
  4830 | D:5      | Noticed a yak
  4856 | D:5      | Killed a yak
  4857 | D:5      | Reached skill level 3 in Dodging
  4859 | D:5      | Killed a yak
  4860 | D:5      | Reached skill level 2 in Conjurations
  4860 | D:5      | Reached skill level 6 in Ice Magic
  4860 | D:5      | Reached skill level 2 in Earth Magic
  4865 | D:5      | Killed a yak
  4866 | D:5      | Reached XP level 8. HP: 42/66 MP: 2/14
  4987 | D:5      | Noticed Blork the orc
  4998 | D:5      | Killed Blork the orc
  4999 | D:5      | Reached skill level 4 in Fighting
  5044 | D:5      | Found an ornate altar of the Wu Jian Council.
  5144 | D:5      | Reached skill level 3 in Conjurations
  5144 | D:5      | Reached skill level 3 in Earth Magic
  5345 | D:5      | Found a transporter.
  5345 | D:5      | Found a transporter.
  5347 | D:5      | Noticed Pokonic1's ghost (novice HOMo)
  5378 | D:5      | Noticed Pikel
  5436 | D:5      | Killed Pikel
  5437 | D:5      | Reached skill level 5 in Spellcasting
  5437 | D:5      | Reached skill level 4 in Conjurations
  5437 | D:5      | Reached skill level 4 in Earth Magic
  5544 | D:5      | Found an iron altar of Okawaru.
  5730 | D:5      | Reached skill level 4 in Dodging
  5815 | D:5      | Reached XP level 9. HP: 73/73 MP: 9/16
  6153 | D:6      | Reached skill level 5 in Fighting
  6222 | D:6      | Got the Opusculum on Sinister Poisoning
  6235 | D:6      | Found a burning altar of Makhleb.
  6434 | D:6      | Found a staircase to the Ecumenical Temple.
  6461 | Temple   | Entered the Ecumenical Temple
  6461 | Temple   | Found a transporter.
  6461 | Temple   | Found a transporter.
  6463 | Temple   | Found a transporter.
  6463 | Temple   | Found a transporter.
  6489 | Temple   | Became a worshipper of Vehumet
  6601 | D:6      | Noticed Prince Ribbit
  6614 | D:6      | Killed Prince Ribbit
  6683 | D:6      | Found a shimmering blue altar of Sif Muna.
  6919 | D:6      | Reached skill level 5 in Earth Magic
  6927 | D:6      | Reached skill level 5 in Conjurations
  7271 | D:7      | Reached skill level 6 in Spellcasting
  7634 | D:7      | Reached * piety under Vehumet
  7634 | D:7      | Offered knowledge of Foxfire by Vehumet.
  7789 | D:7      | Found Lyecw's Book Shoppe.
  7917 | D:7      | Reached skill level 1 in Shields
  8258 | D:7      | Found a transporter.
  8260 | D:7      | Identified the +10 great mace "Jismeromu" {holy, Stlth+}
  8260 | D:7      | Noticed McMuffin's ghost (novice DsFi)
  8277 | D:7      | Found a transporter.
  8369 | D:7      | Reached skill level 5 in Dodging
  8572 | D:8      | Identified a +2 robe of the Archmagi
  8659 | D:8      | Reached skill level 6 in Fighting
  8734 | D:8      | Noticed a troll
  8744 | D:8      | Killed a troll
  8745 | D:8      | Reached XP level 10. HP: 82/83 MP: 4/20
  8928 | D:8      | Offered knowledge of Poisonous Vapours by Vehumet.
  8976 | D:8      | Reached ** piety under Vehumet
  8977 | D:8      | Reached skill level 2 in Shields
  9028 | D:8      | Found a staircase to the Lair.
  9033 | D:8      | Reached skill level 7 in Spellcasting
  9508 | D:8      | Reached skill level 6 in Earth Magic
  9602 | D:8      | Learned a level 3 spell: Ignite Poison
 10495 | D:9      | Noticed a cyclops
 10505 | D:9      | Killed a cyclops
 10506 | D:9      | Reached skill level 6 in Conjurations
 10506 | D:9      | Reached skill level 1 in Fire Magic
 10506 | D:9      | Reached skill level 1 in Poison Magic
 10627 | D:9      | Identified a scroll of acquirement
 10778 | D:9      | Noticed a two-headed ogre
 10790 | D:9      | Killed a two-headed ogre
 10791 | D:9      | Reached skill level 1 in Transmutations
 10791 | D:9      | Reached skill level 2 in Fire Magic
 11032 | D:9      | Reached skill level 3 in Shields
 11032 | D:9      | Reached skill level 2 in Poison Magic
 11170 | D:9      | Reached skill level 2 in Transmutations
 11170 | D:9      | Reached skill level 3 in Fire Magic
 11179 | D:9      | Offered knowledge of Kindle Blastsparks by Vehumet.
 11740 | D:10     | Entered Level 10 of the Dungeon
 11835 | D:10     | Found an ancient bone altar of Kikubaaqudgha.
 11969 | D:10     | Reached skill level 3 in Poison Magic
 12066 | D:10     | Reached skill level 7 in Fighting
 12262 | D:10     | Reached XP level 11. HP: 92/92 MP: 17/22
 12439 | D:10     | Noticed Grum
 12520 | D:10     | Noticed Gastronok
 12529 | D:10     | Reached skill level 4 in Fire Magic
 12530 | D:10     | Reached *** piety under Vehumet
 12531 | D:10     | Reached skill level 6 in Dodging
 12531 | D:10     | Killed Grum
 12778 | D:10     | Noticed a red ugly thing
 12912 | D:10     | Killed Gastronok
 12913 | D:10     | Reached skill level 4 in Shields
 12913 | D:10     | Reached skill level 3 in Transmutations
 12913 | D:10     | Reached skill level 4 in Poison Magic
 13206 | D:10     | Noticed a catoblepas
 13206 | D:10     | Noticed a brown ugly thing
 13206 | D:10     | Noticed a wizard
 13311 | D:10     | Noticed a deep elf pyromancer
 13344 | D:10     | Killed a deep elf pyromancer
 13484 | D:10     | Killed a brown ugly thing
 13485 | D:10     | Reached skill level 5 in Fire Magic
 13503 | D:10     | Reached skill level 8 in Spellcasting
 13985 | D:10     | Killed a red ugly thing
 14172 | D:10     | Killed a catoblepas
 14540 | D:11     | Reached skill level 8 in Fighting
 14540 | D:11     | Reached skill level 4 in Transmutations
 14626 | D:11     | Offered knowledge of Inner Flame by Vehumet.
 14634 | D:11     | Reached skill level 6 in Fire Magic
 14822 | D:11     | You fall into a shaft and drop 3 floors!
 14895 | D:14     | Noticed a skeletal warrior
 14918 | D:14     | Noticed a two-headed ogre
 14955 | D:14     | Noticed a centaur warrior
 14968 | D:14     | Gained mutation: Your tail ends in a venomous barb. [potion
                  | of mutation]
 14968 | D:14     | Gained mutation: You have a pair of small horns on your
                  | head. [potion of mutation]
 14968 | D:14     | Gained mutation: Your body sometimes deteriorates upon
                  | taking damage. [potion of mutation]
 14973 | D:14     | Killed a two-headed ogre
 14974 | D:14     | Reached skill level 5 in Shields
 14974 | D:14     | Reached skill level 1 in Evocations
 14988 | D:14     | Killed a skeletal warrior
 14989 | D:14     | Reached XP level 12. HP: 68/102 MP: 4/24
 15199 | D:13     | Noticed a four-headed hydra
 15199 | D:13     | Noticed a two-headed ogre
 15237 | D:12     | Found a staircase to the Orcish Mines.
 15448 | D:12     | Noticed a boulder beetle
 15522 | D:12     | Killed a boulder beetle
 15686 | D:11     | Reached skill level 2 in Evocations
 15976 | D:11     | Noticed a boulder beetle
 15992 | D:11     | Killed a boulder beetle
 15993 | D:11     | Reached skill level 7 in Dodging
 16349 | D:12     | Learned a level 3 spell: Hailstorm
 17795 | D:5      | Killed Pokonic1's ghost
 18042 | D:7      | Killed McMuffin's ghost
 18043 | D:7      | Reached skill level 7 in Conjurations
 18043 | D:7      | Reached skill level 7 in Earth Magic
 18043 | D:7      | Reached skill level 3 in Evocations
 18187 | D:8      | Acquired a staff of conjuration
 18211 | D:8      | Learned a level 6 spell: Iron Shot
 18212 | Lair:1   | Entered Level 1 of the Lair of Beasts
 18323 | Lair:1   | Reached **** piety under Vehumet
 18324 | Lair:1   | Reached skill level 6 in Shields
 18362 | Lair:1   | Found a frozen archway.
 18424 | IceCv    | Entered an ice cave
 18464 | IceCv    | Offered knowledge of Lightning Bolt by Vehumet.
 18922 | IceCv    | Reached skill level 9 in Fighting
 18922 | IceCv    | Reached skill level 9 in Spellcasting
 20182 | IceCv    | Noticed a reaper
 20356 | IceCv    | Killed a reaper
 20451 | IceCv    | Found the +4 skin of Zhor {*Englaciate rC+++ SInv}
 20690 | Lair:1   | Reached XP level 13. HP: 111/111 MP: 21/26
 20907 | Lair:1   | Found a blossoming altar of Fedhas.
 21025 | Lair:1   | Reached skill level 8 in Conjurations
 21025 | Lair:1   | Reached skill level 8 in Earth Magic
 21025 | Lair:1   | Reached skill level 4 in Evocations
 21939 | Lair:2   | Reached ***** piety under Vehumet
 22014 | Lair:2   | Found a staircase to the Snake Pit.
 22080 | Lair:2   | Offered knowledge of Freezing Cloud by Vehumet.
 22405 | Lair:2   | Reached skill level 8 in Dodging
 22487 | Lair:2   | Found a staircase to the Shoals.
 23167 | Lair:2   | Learned a level 5 spell: Freezing Cloud
 23917 | Lair:4   | Reached skill level 9 in Conjurations
 23917 | Lair:4   | Reached skill level 1 in Air Magic
 24424 | Lair:4   | Reached skill level 5 in Evocations
 24512 | Lair:4   | Reached skill level 9 in Earth Magic
 24981 | Lair:4   | Reached skill level 2 in Air Magic
 24982 | Lair:4   | Reached skill level 10 in Fighting
 25504 | Lair:4   | Mutation became permanent: Your tail ends in a venomous
                  | barb. [Green Draconian growth]
 25504 | Lair:4   | Gained mutation: Your tail ends in a venomous barb. [Green
                  | Draconian growth]
 25504 | Lair:4   | Reached XP level 14. HP: 92/121 MP: 6/27
 26142 | Lair:5   | Entered Level 5 of the Lair of Beasts
 26475 | Lair:5   | Offered knowledge of Yara's Violent Unravelling by Vehumet.
 26560 | Lair:5   | Reached skill level 3 in Air Magic
 26767 | Lair:5   | Reached skill level 10 in Conjurations
 26979 | Lair:5   | Found a staircase to the Slime Pits.
 26979 | Lair:5   | Found a viscous altar of Jiyva.
 27004 | Lair:5   | Reached skill level 10 in Spellcasting
 27499 | Lair:5   | Reached skill level 7 in Shields
 27794 | Lair:5   | Reached skill level 6 in Evocations
 28164 | Lair:5   | Found a runed translucent door.
 28775 | Lair:5   | Reached skill level 4 in Air Magic
 28918 | Lair:5   | Reached skill level 9 in Dodging
 29720 | Orc:1    | Entered Level 1 of the Orcish Mines
 29952 | Orc:1    | Offered knowledge of Arcjolt by Vehumet.
 30305 | Orc:2    | Entered Level 2 of the Orcish Mines
 30305 | Orc:2    | Found Saxilieng's Mayhem Merchandise.
 30355 | Orc:2    | Found Vuanau Ekhle's General Store.
 30458 | Orc:2    | Found Sudghaug's Book Shoppe.
 30478 | Orc:2    | Bought a book of Burglary for 200 gold pieces
 30482 | Orc:2    | Learned a level 3 spell: Swiftness
 30485 | Orc:2    | Found Utoit's Antique Armour Shop.
 31179 | Orc:2    | Found Dik Nuph's Antique Weapon Shop.
 31179 | Orc:2    | Found Weor's Armour Shop.
 31240 | Orc:2    | Found Fiojes's Distillery.
 31250 | Orc:2    | Found Lohom's Assorted Antiques.
 31255 | Orc:2    | Bought a potion of curing for 48 gold pieces
 31256 | Orc:2    | Bought a scroll labelled QIODUGARASH for 29 gold pieces
 31645 | Orc:2    | Found a staircase to the Elven Halls.
 31645 | Orc:2    | Found Nuneym's Distillery.
 32177 | Orc:1    | Reached skill level 11 in Conjurations
 32430 | Orc:1    | Reached skill level 10 in Earth Magic
 33014 | D:13     | Reached XP level 15. HP: 128/128 MP: 29/29
 33172 | D:13     | Found a gate to the Vaults.
 33178 | D:13     | Reached skill level 11 in Fighting
 33178 | D:13     | Offered knowledge of Lee's Rapid Deconstruction by Vehumet.
 33464 | D:13     | Noticed Nessos
 33467 | D:13     | Reached skill level 5 in Air Magic
 33469 | D:13     | Killed Nessos
 33758 | D:14     | Reached skill level 8 in Shields
 34025 | D:14     | Found a white marble altar of Elyvilon.
 34153 | D:14     | Learned a level 5 spell: Lee's Rapid Deconstruction
 34773 | D:15     | Entered Level 15 of the Dungeon
 35418 | D:15     | Reached skill level 12 in Conjurations
 35650 | D:15     | Found a staircase to the Depths.
 36563 | Orc:2    | Bought an opal ring for 145 gold pieces
 36673 | Orc:2    | Bought 2 potions of experience for 1500 gold pieces
 36907 | D:8      | Reached skill level 12 in Fighting
 36907 | D:8      | Reached skill level 10 in Dodging
 36907 | D:8      | Reached skill level 9 in Shields
 36907 | D:8      | Reached XP level 16. HP: 139/139 MP: 30/30
 36908 | D:8      | Reached skill level 11 in Spellcasting
 36908 | D:8      | Reached XP level 17. HP: 146/146 MP: 32/32
 36915 | D:8      | Acquired the +10 rapier "Romais" {venom, Dex+4 SInv}
 36917 | D:8      | Acquired 1023 gold pieces
 37137 | Orc:2    | Bought a masterwork morningstar for 234 gold pieces
 37137 | Orc:2    | Identified the +6 morningstar "Lumut" {venom, rPois Str+2}
                  | (You bought it in a shop on level 2 of the Orcish Mines)
 37463 | Orc:2    | Bought a +2 cloak for 297 gold pieces
 37742 | Snake:1  | Entered Level 1 of the Snake Pit
 37909 | Snake:1  | Reached skill level 6 in Air Magic
 38353 | Snake:1  | Reached skill level 8 in Evocations
 38353 | Snake:1  | Reached XP level 18. HP: 154/154 MP: 33/33
 38768 | Snake:2  | Offered knowledge of Ozocubu's Refrigeration by Vehumet.
 39710 | Snake:2  | Noticed Agnes
 39713 | Snake:2  | Killed Agnes
 39813 | Snake:2  | Noticed Aizul
 39818 | Snake:2  | Killed Aizul
 40199 | Snake:3  | Reached skill level 10 in Shields
 40199 | Snake:3  | Reached skill level 11 in Earth Magic
 40199 | Snake:3  | Reached XP level 19. HP: 132/161 MP: 18/34
 40528 | Snake:3  | Reached skill level 7 in Ice Magic
 40863 | Snake:3  | Reached skill level 11 in Dodging
 41396 | Snake:4  | Entered Level 4 of the Snake Pit
 41767 | Snake:4  | Reached skill level 9 in Evocations
 42074 | Snake:4  | Reached skill level 8 in Ice Magic
 42317 | Snake:4  | Reached skill level 13 in Conjurations
 42480 | Snake:4  | Identified the +2 robe "Qaits" {Dex+4}
 42724 | Snake:4  | Reached skill level 12 in Spellcasting
 43041 | Snake:4  | Got a serpentine rune of Zot
 43065 | Snake:4  | Reached skill level 9 in Ice Magic
 43305 | D:8      | Learned a level 7 spell: Ozocubu's Refrigeration
 43406 | Shoals:1 | Entered Level 1 of the Shoals
 43520 | Shoals:1 | Offered knowledge of Starburst by Vehumet.
 43642 | Shoals:1 | Reached skill level 12 in Earth Magic
 43764 | Shoals:1 | Acquired the +1 pair of gloves "Sugotam" {Regen+ Str+3
                  | Int+3 SInv}
 43808 | Shoals:1 | Reached skill level 10 in Ice Magic
 44907 | Shoals:2 | Reached skill level 11 in Ice Magic
 45570 | Shoals:2 | Reached skill level 12 in Ice Magic
 46238 | Shoals:3 | Offered knowledge of Maxwell's Capacitive Coupling by
                  | Vehumet.
 46371 | Shoals:3 | Found a transporter.
 46374 | Shoals:3 | Noticed tinescath's ghost (adept FoFi)
 46449 | Shoals:3 | Found a transporter.
 46807 | Shoals:3 | Noticed Polyphemus
 46814 | Shoals:3 | Killed Polyphemus
 46814 | Shoals:3 | Reached ****** piety under Vehumet
 47059 | Shoals:4 | Entered Level 4 of the Shoals
 47070 | Shoals:4 | Reached XP level 20. HP: 169/169 MP: 36/36
 47151 | Shoals:4 | Identified the +0 pair of gloves of the Banana {rF+ Int+4}
 47151 | Shoals:4 | Noticed Nikola
 47176 | Shoals:4 | Killed Nikola
 47492 | Shoals:4 | Reached skill level 13 in Ice Magic
 48385 | Shoals:4 | Reached skill level 12 in Dodging
 48809 | Shoals:4 | Got a barnacled rune of Zot
 48957 | Shoals:3 | Killed tinescath's ghost
 48958 | Shoals:3 | Reached skill level 11 in Shields
 49141 | Shoals:3 | Offered knowledge of Lehudib's Crystal Spear by Vehumet.
 49141 | Shoals:3 | Offered knowledge of Polar Vortex by Vehumet.
 49141 | Shoals:3 | Offered knowledge of Maxwell's Capacitive Coupling by
                  | Vehumet.
 49245 | Shoals:3 | Identified the +2 hat of the Original Sin {rPois Will-
                  | Int+2}
 49250 | Shoals:3 | Identified the amulet "Qigharef" {Reflect Regen+ Str+2
                  | SH+5}
 49657 | Elf:1    | Entered Level 1 of the Elven Halls
 49940 | Elf:1    | Reached skill level 13 in Earth Magic
 50214 | Elf:1    | Noticed Roxanne
 50570 | Elf:1    | Reached skill level 13 in Spellcasting
 50985 | Elf:1    | Got Dispater's Parchment of Assembled Conjuration
 51753 | Elf:1    | Reached skill level 14 in Ice Magic
 51890 | Elf:1    | Killed Roxanne
 52358 | Elf:2    | Found a runed translucent gate.
 52359 | Elf:2    | Found a runed translucent gate.
 52359 | Elf:2    | Found a runed translucent gate.
 52882 | Elf:3    | Entered Level 3 of the Elven Halls
 54180 | Elf:3    | Reached XP level 21. HP: 176/176 MP: 35/38
 54186 | Elf:3    | Reached skill level 12 in Shields
 54187 | Elf:3    | Reached skill level 14 in Earth Magic
 54706 | Elf:3    | Reached skill level 13 in Dodging
 54772 | Elf:3    | Identified the +11 whip of Deirrid {spect, *Noise rN+++
                  | Int+2 Dex+2}
 55528 | Elf:3    | Learned a level 2 spell: Blink
 55544 | Elf:3    | Identified the +4 ring mail "Virurr" {Drain rC+++ Int+2
                  | Dex+3}
 55555 | Elf:3    | Got Sif Muna's Verses on the Nimbus and Mustering
 56083 | Slime:1  | Entered Level 1 of the Pits of Slime
 56689 | Slime:1  | Reached skill level 15 in Earth Magic
 56973 | Slime:1  | Gained mutation: Your magical capacity is low. (-10% MP) [a
                  | shining eye]
 57458 | Slime:2  | Reached skill level 14 in Spellcasting
 57808 | Slime:2  | Upgraded the game from 0.30-a0-462-gd5975efbca to
                  | 0.30-a0-465-g8901f6c8b5
 58703 | Slime:2  | Reached skill level 13 in Fighting
 59251 | Slime:4  | Reached skill level 15 in Ice Magic
 59698 | Slime:4  | Reached skill level 14 in Dodging
 60182 | Slime:5  | Entered Level 5 of the Pits of Slime
 60239 | Slime:5  | Reached skill level 13 in Shields
 60635 | Slime:5  | Reached XP level 22. HP: 163/185 MP: 29/36
 62158 | Slime:5  | Noticed the Royal Jelly
 62227 | Slime:5  | Killed the Royal Jelly
 63229 | Slime:5  | Got a slimy rune of Zot
 63230 | Slime:5  | Identified the +3 scale mail of Fortification {rC+}
 63262 | Slime:5  | Identified the ring of Taeschad {Ice Will+}
 63280 | Slime:5  | Identified the +9 hand axe of Jawoebol {spect, Contam rF+
                  | Str+2 Stlth+}
 63621 | D:8      | Lost mutation: Your body sometimes deteriorates upon taking
                  | damage. [potion of mutation]
 63621 | D:8      | Lost mutation: You have a pair of small horns on your head.
                  | [potion of mutation]
 63621 | D:8      | Lost mutation: Your magical capacity is low. (-10% MP)
                  | [potion of mutation]
 63621 | D:8      | Gained mutation: You are weak. (Str -2) [potion of
                  | mutation]
 63621 | D:8      | Gained mutation: You have a pair of small horns on your
                  | head. [potion of mutation]
 63775 | Vaults:1 | Entered Level 1 of the Vaults
 63922 | Vaults:1 | Reached skill level 16 in Earth Magic
 64718 | Vaults:1 | Reached skill level 15 in Spellcasting
 64724 | Vaults:1 | Identified the +2 arbalest of Fear {vorpal, Int+6}
 66557 | Vaults:2 | Reached skill level 15 in Dodging
 66900 | Vaults:2 | Identified the +2 robe of Analysis {Int-3 Dex+3}
 67106 | Vaults:2 | Found a staircase to the Crypt.
 67165 | Vaults:2 | Reached skill level 14 in Fighting
 67863 | Vaults:2 | Reached skill level 17 in Earth Magic
 68339 | Vaults:3 | Found a crumbling gateway.
 68390 | Desolati | Entered the Desolation of Salt
 68466 | Desolati | Reached skill level 16 in Spellcasting
 68471 | Desolati | Reached skill level 14 in Shields
 68863 | Desolati | Reached XP level 23. HP: 196/196 MP: 43/43
 68911 | Desolati | Learned a level 9 spell: Shatter
 69009 | Desolati | Identified the +4 glaive of the Oracle {holy, rN+ Dex+5}
 69426 | Desolati | Identified the ring "Oskotig" {+Blink rC+ Slay-4 SInv
                  | Stlth-}
 69439 | Desolati | Got Eringya's Precepts of Transmuted Toxicity
 69953 | Desolati | Identified the +6 great mace of Isehi {speed, MP-9 Dex+4
                  | Stlth+}
 70030 | Desolati | Identified the +6 dagger of Temperance {flame, Fragile
                  | Int+3}
 70033 | Desolati | Identified the ring of the Tuna {Will+ MP+9 Int+4}
 70035 | Desolati | Identified the +1 falchion "Galem" {vorpal, +Blink rElec
                  | SInv Stlth-}
 70038 | Desolati | Identified a +2 robe of resistance
 70173 | Vaults:3 | Identified a +2 robe of resistance
 70173 | Vaults:3 | Noticed Mara
 70182 | Vaults:3 | Killed Mara
 70347 | Vaults:3 | Noticed Sojobo
 70356 | Vaults:3 | Killed Sojobo
 70958 | Vaults:3 | Reached skill level 18 in Earth Magic
 71014 | Vaults:3 | Noticed Margery
 71021 | Vaults:3 | Killed Margery
 71133 | Vaults:3 | Reached skill level 15 in Shields
 71141 | Vaults:3 | Reached skill level 15 in Fighting
 73233 | Depths:1 | Entered Level 1 of the Depths
 73421 | Depths:1 | Noticed Saint Roka
 73658 | Depths:1 | Killed Saint Roka
 73995 | Depths:1 | Reached skill level 16 in Shields
 74215 | Depths:1 | Noticed a caustic shrike
 74223 | Depths:1 | Killed a caustic shrike
 74224 | Depths:1 | Reached skill level 19 in Earth Magic
 74326 | Depths:1 | Got Ekukh's Codex of the Sinister Pyromaniac
 74390 | Depths:1 | Found a one-way gate to the infinite horrors of the Abyss.
 74677 | Depths:1 | Found a gateway to Hell.
 75422 | Depths:2 | Found a one-way gateway to a ziggurat.
 75425 | Depths:2 | Found a one-way gate leading to the halls of Pandemonium.
 75440 | Depths:2 | Found a hazy altar of Hepliaklqana.
 75440 | Depths:2 | Found a shimmering altar of Xom.
 76097 | Depths:2 | Found a stormy altar of Qazlal.
 76343 | Depths:2 | Noticed a caustic shrike
 76349 | Depths:2 | Killed a caustic shrike
 76349 | Depths:2 | Noticed a juggernaut
 76350 | Depths:2 | Reached XP level 24. HP: 163/206 MP: 43/43
 76362 | Depths:2 | Killed a juggernaut
 76767 | Depths:2 | Reached skill level 17 in Shields
 76968 | Depths:2 | Reached skill level 20 in Earth Magic
 77613 | Depths:2 | Identified the -1 pair of gloves of Monotheism {-Tele
                  | Rampage rElec SInv}
 78843 | Orc:2    | Bought a book of Power for 420 gold pieces
 79084 | D:8      | Learned a level 7 spell: Spellforged Servitor
 79469 | Depths:3 | Reached skill level 1 in Summonings
 79645 | Depths:3 | Reached skill level 2 in Summonings
 79880 | Depths:3 | Identified the +4 broad axe "Weuxt" {vorpal, rElec rPois
                  | Str-5 Dex+9}
 79882 | Depths:3 | Identified the ring of the Frog {+Blink rF+ Str+6 Dex-3}
 80064 | Depths:3 | Reached skill level 3 in Summonings
 80077 | Depths:3 | Noticed a caustic shrike
 80081 | Depths:3 | Noticed a caustic shrike
 80081 | Depths:3 | Noticed a caustic shrike
 80082 | Depths:3 | Killed a caustic shrike
 80087 | Depths:3 | Killed a caustic shrike
 80093 | Depths:3 | Killed a caustic shrike
 80094 | Depths:3 | Noticed a caustic shrike
 80101 | Depths:3 | Killed a caustic shrike
 80271 | Depths:3 | Found the +2 cloak of the Thief {*Fog Slay-2 SInv Stlth+}
 80274 | Depths:3 | Reached skill level 4 in Summonings
 80927 | Depths:3 | Reached skill level 5 in Summonings
 81115 | Depths:3 | Found a broken altar of Ashenzari.
 81457 | Depths:3 | Reached skill level 21 in Earth Magic
 81796 | Depths:4 | Entered Level 4 of the Depths
 81797 | Depths:4 | Found Jiycewue's Armour Boutique.
 81804 | Depths:4 | Reached skill level 6 in Summonings
 81982 | Depths:4 | Found Bimuoh's Antique Armour Shoppe.
 81994 | Depths:4 | Reached skill level 18 in Shields
 82384 | Depths:4 | Bought a shimmering cloak for 380 gold pieces
 82384 | Depths:4 | Identified the +1 cloak "Ytuelath" {rC+ Dex+4} (You bought
                  | it in a shop on level 4 of the Depths)
 82384 | Depths:4 | Bought a pair of twisted boots for 380 gold pieces
 82384 | Depths:4 | Identified the +4 pair of boots of Esarr {rPois} (You
                  | bought it in a shop on level 4 of the Depths)
 82403 | Depths:4 | Found a stormy altar of Qazlal.
 82467 | Depths:3 | Reached skill level 7 in Summonings
 82760 | Depths:4 | Found Ekurogro's Assorted Antiques.
 82769 | Depths:4 | Bought a potion of resistance for 230 gold pieces
 82769 | Depths:4 | Bought a potion of mutation for 184 gold pieces
 82769 | Depths:4 | Bought a potion of brilliance for 92 gold pieces
 82953 | Depths:4 | Reached XP level 25. HP: 191/213 MP: 43/43
 83380 | Depths:4 | Found a gate to the Realm of Zot.
 85136 | Crypt:1  | Entered Level 1 of the Crypt
 85189 | Crypt:1  | Identified the ring "Taxos" {rF+ Will+ MP+9}
 85215 | Crypt:1  | Noticed a curse skull
 85300 | Vaults:2 | Reached skill level 14 in Conjurations
 85340 | Vaults:2 | Killed a curse skull
 85360 | Crypt:1  | Noticed a curse skull
 85672 | Vaults:2 | Killed a curse skull
 86056 | Crypt:1  | Identified the +4 ring mail "Tethapti" {Regen+}
 86780 | Crypt:2  | Reached skill level 8 in Summonings
 86785 | Crypt:2  | Noticed a curse skull
 86901 | Crypt:2  | Identified the +0 pair of gloves of Fortitude {Dex+2
                  | Stlth+}
 87616 | Crypt:2  | Killed a curse skull
 87685 | Crypt:2  | Noticed a curse skull
 87687 | Crypt:2  | Killed a curse skull
 88044 | Crypt:3  | Entered Level 3 of the Crypt
 88474 | Crypt:3  | Noticed Boris
 88738 | Crypt:3  | Reached skill level 22 in Earth Magic
 88790 | Crypt:3  | Killed Boris
 89034 | Crypt:3  | Found a glowing golden altar of the Shining One.
 89039 | Crypt:3  | Found a burning altar of Makhleb.
 89408 | Crypt:3  | Identified the +11 sling "Xeerihore" {freeze, Int+4}
 89408 | Crypt:3  | Identified the +9 rapier "Mutilogo" {drain, +Blink rCorr
                  | Stlth+}
 89618 | Crypt:3  | Noticed Xtahua
 89629 | Crypt:3  | Killed Xtahua
 89671 | Crypt:3  | Reached skill level 9 in Summonings
 89720 | Crypt:3  | Found the +4 dagger "Morg" {pain, Will+ Int+5}
 89734 | Crypt:3  | Found an ancient bone altar of Kikubaaqudgha.
 89858 | Crypt:3  | Found a basalt altar of Yredelemnul.
 90281 | Crypt:3  | Found a staircase to the Tomb.
 91045 | Vaults:4 | Reached skill level 19 in Shields
 91108 | Vaults:5 | Entered Level 5 of the Vaults
 91115 | Vaults:5 | Noticed a dread lich
 91117 | Vaults:5 | Killed a dread lich
 91118 | Vaults:5 | Reached skill level 20 in Shields
 91123 | Vaults:5 | Noticed an ancient lich
 91124 | Vaults:5 | Killed an ancient lich
 91130 | Vaults:5 | Reached XP level 26. HP: 221/221 MP: 43/43
 91141 | Vaults:5 | Reached skill level 21 in Shields
 91150 | Vaults:5 | Identified the +7 flail "Xoaffi" {protect, *Noise Str+8
                  | Stlth+}
 91153 | Vaults:5 | Noticed a dread lich
 91158 | Vaults:5 | Killed a dread lich
 91456 | Vaults:5 | Reached skill level 22 in Shields
 91875 | Vaults:5 | Found Loruevi's Magic Scroll Shop.
 92045 | Vaults:5 | Found Ilynen's Book Shop.
 92152 | Vaults:5 | Got a silver rune of Zot
 92209 | Vaults:5 | Noticed an ancient lich
 92211 | Vaults:5 | Killed an ancient lich
 92434 | Vaults:5 | Noticed a dread lich
 92437 | Vaults:5 | Killed a dread lich
 92446 | Vaults:5 | Reached skill level 23 in Shields
 92822 | Vaults:5 | Found Hoaxzof's Jewellery Shop.
 92830 | Vaults:5 | Found Ehuk's Antique Armour Shoppe.
 92831 | Vaults:5 | Found Dutesyi's Assorted Antiques.
 92835 | Vaults:5 | Bought a pair of crude boots for 408 gold pieces
 92835 | Vaults:5 | Identified the +0 pair of boots "Afewiel" {rElec Dex+4}
                  | (You bought it in a shop on level 5 of the Vaults)
 92949 | Vaults:5 | Found Iptoafer's Distillery.
 92954 | Vaults:5 | Bought a potion of cancellation for 112 gold pieces
 92954 | Vaults:5 | Bought a potion of mutation for 112 gold pieces
 92954 | Vaults:5 | Bought a potion of invisibility for 112 gold pieces
 93738 | Zot:1    | Entered Level 1 of the Realm of Zot
 93738 | Zot:1    | Found a transporter.
 93972 | Zot:1    | Identified the +7 chain mail of Beogh's Brutal Revenge
                  | {Will+}
 94152 | Zot:1    | Noticed a curse toe
 94155 | Zot:1    | Noticed Vv
 94158 | Zot:1    | Killed a curse toe
 94161 | Zot:1    | Killed Vv
 94261 | Zot:1    | Found a transporter.
 94872 | Zot:1    | Noticed an electric golem
 94983 | Zot:1    | Noticed an orb of fire
 94989 | Zot:1    | Killed an orb of fire
 94994 | Zot:1    | Killed an electric golem
 95158 | Zot:1    | Identified the ring of Wabaomm {rPois rC+ rN+ Int-2}
 95174 | Zot:1    | Identified the ring "Jywyzxu Vyom" {Fly rF+ Will+}
 95516 | Zot:2    | Reached skill level 10 in Evocations
 96573 | Zot:2    | Reached XP level 27. HP: 197/228 MP: 43/43
 96636 | Zot:2    | Upgraded the game from 0.30-a0-465-g8901f6c8b5 to
                  | 0.30-a0-469-g84de5afbc5
 96643 | Zot:2    | Learned a level 1 spell: Apportation
 97325 | Zot:3    | Found a runed translucent gate.
 97325 | Zot:3    | Found a runed translucent gate.
 97325 | Zot:3    | Found a runed translucent gate.
 97327 | Zot:3    | Noticed Aklawnof's ghost (legendary VSBe)
 97660 | Zot:3    | Reached skill level 16 in Dodging
 98343 | Zot:3    | Killed Aklawnof's ghost
 98543 | Zot:3    | Identified the ring of Xom's Flight of Fancy {+Blink rPois}
 98725 | Zot:4    | Reached skill level 16 in Fighting
 98735 | Zot:4    | Reached skill level 17 in Spellcasting
 99250 | Zot:4    | Found a transporter.
 99289 | Zot:4    | Reached skill level 11 in Evocations
 99473 | Zot:4    | Noticed a curse toe
 99711 | Zot:4    | Found a transporter.
 99735 | Zot:4    | Noticed an ancient lich
100531 | Zot:4    | Killed a curse toe
100536 | Zot:4    | Killed an ancient lich
100890 | Zot:4    | Identified the +0 helmet of the Cartwright {Int+2}
100930 | Zot:4    | Identified the ring of the Singing Traitor {rF+ rN+}
101052 | Zot:4    | Learned a level 8 spell: Lehudib's Crystal Spear
101054 | Zot:5    | Entered Level 5 of the Realm of Zot
101133 | Zot:5    | Reached skill level 15 in Conjurations
101232 | Zot:5    | Noticed an ancient lich
101236 | Zot:5    | Killed an ancient lich
101487 | Zot:5    | Noticed an ancient lich
101491 | Zot:5    | Killed an ancient lich
101634 | Zot:5    | Noticed an ancient lich
101643 | Zot:5    | Killed an ancient lich
101793 | Zot:5    | Noticed an orb of fire
101796 | Zot:5    | Noticed an orb of fire
101798 | Zot:5    | Killed an orb of fire
101799 | Zot:5    | Reached skill level 23 in Earth Magic
101801 | Zot:5    | Gained mutation: You occasionally lose the ability to drink
                  | potions when taking damage. [an orb of fire]
101802 | Zot:5    | Killed an orb of fire
101926 | Zot:5    | Noticed an electric golem
101939 | Zot:5    | Noticed an ancient lich
102002 | Zot:5    | Killed an ancient lich
102003 | Zot:5    | Reached skill level 17 in Fighting
102006 | Zot:5    | Noticed a dread lich
102009 | Zot:5    | Killed a dread lich
102018 | Zot:5    | Killed an electric golem
102117 | Zot:5    | Noticed an electric golem
102306 | Zot:5    | Killed an electric golem
102627 | Zot:5    | Noticed an orb of fire
102634 | Zot:5    | Killed an orb of fire
102825 | Zot:5    | Noticed a curse toe
102827 | Zot:5    | Killed a curse toe
103366 | Zot:5    | Noticed an ancient lich
103370 | Zot:5    | Killed an ancient lich
103371 | Zot:5    | Reached skill level 17 in Dodging
103411 | Zot:5    | Reached skill level 18 in Spellcasting
103663 | Zot:5    | Noticed an ancient lich
103678 | Zot:5    | Killed an ancient lich
104337 | Zot:5    | Reached skill level 16 in Conjurations
104436 | Zot:5    | Reached skill level 12 in Evocations
104895 | Zot:5    | Lost mutation: You have a pair of small horns on your head.
                  | [potion of mutation]
104895 | Zot:5    | Lost mutation: You occasionally lose the ability to drink
                  | potions when taking damage. [potion of mutation]
104895 | Zot:5    | Gained mutation: You are clumsy. (Dex -2) [potion of
                  | mutation]
104895 | Zot:5    | Gained mutation: You are robust. (+10% HP) [potion of
                  | mutation]
104913 | Zot:5    | Got the Orb of Zot
105026 | Depths:4 | Noticed Coeggaed the pandemonium lord
105322 | D:9      | Noticed Julidd the pandemonium lord
105505 | D:$      | Escaped with the Orb!

Vanquished Creatures
  the Royal Jelly (Slime:5)
  3 dread liches (Vaults:5)
  4 orbs of fire (Zot:1 Zot:5)
  8 ancient liches (Vaults:5 Zot:5)
  Mara (Vaults:3)
  A juggernaut (Depths:2)
  Sojobo (Vaults:3)
  Boris (Crypt:3)
  Vv (Zot:1)
  Margery (Vaults:3)
  Saint Roka (Depths:1)
  A Killer Klown (Zot:5)
  3 curse toes (Zot:1 Zot:4 Zot:5)
  Xtahua (Crypt:3)
  6 caustic shrikes (Depths:1 Depths:2 Depths:3)
  4 golden dragons (Depths:4 Zot:1 Zot:2 Zot:3)
  A profane servitor (Crypt:3)
  Nikola (Shoals:4)
  The ghost of Aklawnof the Wrestler, a legendary VSBe of Trog (Zot:3)
  3 electric golems (Zot:1 Zot:5)
  The ghost of tinescath the Warrior, an adept FoFi of Makhleb (Shoals:3)
  14 Orb Guardians (Zot:5 Zot:4)
  16 tentacled monstrosities (Depths:1 Depths:3 Vaults:5 Zot:2 Zot:3)
  2 walking earthen tomes (Depths:3 Depths:4)
  A walking frostbound tome (Depths:2)
  A shard shrike skeleton (Crypt:3)
  7 titans (Vaults:5)
  4 liches (Depths:2 Crypt:3 Vaults:5)
  4 deep elf master archers (Elf:3)
  A deep elf blademaster (Elf:3)
  23 acid blobs (Slime:1 Slime:2 Slime:3 Slime:4 Slime:5)
  6 quicksilver dragons (Depths:2 Depths:3 Vaults:5 Zot:1 Zot:3)
  8 ancient champions (Crypt:2 Crypt:3)
  4 sphinxes (Depths:2 Depths:3 Vaults:5)
  An Executioner (Depths:3)
  Gastronok (D:10)
  Agnes (Snake:2)
  11 death cobs (Zot:1 Zot:3 Zot:4 Zot:5)
  Polyphemus (Shoals:3)
  9 shadow dragons (Depths:2 Depths:3 Vaults:5 Zot:1 Zot:4)
  8 tengu reavers (Vaults:3 Depths:2 Depths:3 Vaults:5)
  14 storm dragons (Depths:2 Depths:3 Vaults:5 Zot:2 Zot:3)
  Roxanne (Elf:1)
  4 nagarajas (Snake:2 Snake:4)
  An azure jelly (shapeshifter) (Vaults:5)
  11 azure jellies (Slime:1 Slime:2 Slime:3 Slime:4 Slime:5)
  9 fire giants (Depths:2 Depths:3 Depths:4 Vaults:5)
  2 revenants (Crypt:2 Crypt:3)
  5 draconian knights (Zot:1 Zot:3 Zot:4 Zot:5)
  An iron dragon (Depths:2)
  4 imperial myrmidons (Desolation)
  8 deep elf sorcerers (Elf:1 Elf:3 Vaults:5)
  Aizul (Snake:2)
  10 frost giants (Vaults:2 Depths:2 Depths:3 Vaults:5)
  2 balrugs (Depths:3 D:1)
  9 draconian shifters (Depths:4 Zot:1 Zot:2 Zot:3 Zot:4)
  16 vault wardens (Vaults:2 Vaults:3 Vaults:4 Vaults:5)
  6 ghost moths (Zot:1 Zot:2 Zot:4 Zot:5)
  14 rockslimes (Slime:1 Slime:2 Slime:3 Slime:5 Zot:3)
  7 deep elf elementalists (Elf:3)
  19 ironbound preservers (Vaults:1 Vaults:2 Vaults:3 Vaults:4 Vaults:5)
  A ghost moth (shapeshifter) (Depths:3)
  4 curse skulls (Vaults:2 Crypt:2)
  A caustic shrike skeleton (Depths:2)
  5 draconian stormcallers (Depths:4 Zot:1 Zot:4 Zot:5)
  3 spriggan defenders (Depths:3)
  8 draconian scorchers (Zot:1 Zot:2 Zot:5)
  2 ghouls (Vaults:2 Crypt:3)
  14 quicksilver oozes (Slime:1 Slime:3 Slime:4 Slime:5 Zot:3)
  2 orc warlords (Vaults:2 Vaults:4)
  9 ironbound thunderhulks (Vaults:1 Vaults:2 Vaults:3 Vaults:4)
  7 draconian annihilators (Zot:1 Zot:3 Zot:4 Zot:5)
  22 stone giants (D:15 Depths:1 Depths:2 Depths:3 Depths:4)
  2 reapers (IceCv Crypt:3)
  17 very ugly things (Vaults:2 Depths:1 Depths:3 Depths:4 Vaults:5)
  13 vampire knights (Depths:1 Depths:2 Vaults:2 Crypt:2 Crypt:3)
  A war gargoyle (Vaults:5)
  10 deep elf demonologists (Elf:3 Vaults:5)
  6 green draconians (Zot:1 Zot:2 Zot:4 Zot:5)
  Nessos (D:13)
  9 black draconians (Depths:4 Zot:1 Zot:2 Zot:4 Zot:5)
  9 deep elf annihilators (Elf:3 Vaults:5)
  13 yellow draconians (Depths:4 Zot:1 Zot:2 Zot:3 Zot:4)
  4 spark wasps (Depths:1 Depths:3)
  5 dire elephants (Vaults:3)
  7 purple draconians (Zot:1 Zot:3 Zot:4 Zot:5)
  5 white draconians (Zot:2 Zot:4 Zot:5)
  3 eidola (Crypt:1 Crypt:3)
  8 red draconians (Depths:4 Zot:1 Zot:2 Zot:3 Zot:4)
  7 merfolk impalers (Shoals:2 Shoals:3 Shoals:4)
  2 merfolk javelineers (Shoals:4)
  9 ragged hierophants (Vaults:3 Desolation)
  10 deep elf death magi (Elf:1 Elf:3 Vaults:2 Crypt:2)
  2 crystal guardians (Desolation Vaults:3)
  10 ettins (Vaults:2 Depths:2 Depths:4 Vaults:5)
  9 jiangshi (Vaults:2 Crypt:2 Crypt:3)
  A quicksilver dragon skeleton (Crypt:2)
  11 fire dragons (Lair:5 D:14 Depths:2 Depths:3 Depths:4)
  3 entropy weavers (Vaults:2 Vaults:5)
  10 great orbs of eyes (Slime:1 Slime:2 Slime:4 Slime:5 Vaults:2)
  11 yaktaur captains (Vaults:1 Vaults:2 Vaults:3 Vaults:5)
  3 servants of whispers (Vaults:3 Desolation)
  4 rakshasas (Depths:2 Depths:3)
  32 vault guards (D:13 Vaults:3 Vaults:5)
  6 deep elf high priests (Elf:1 Elf:3 Vaults:4 Vaults:5)
  7 hydras (Lair:2 Lair:4 D:13)
  9 ice dragons (Lair:5 Depths:1 Depths:2 Depths:3 Depths:4)
  3 merfolk avatars (Shoals:1 Shoals:4)
  4 spriggan air magi (Depths:2 Depths:3 Depths:4)
  5 peacekeepers (Desolation Vaults:3)
  2 catoblepae (D:10 Shoals:3)
  2 alligator snapping turtles (Shoals:2 Shoals:4)
  6 salamander tyrants (Snake:4)
  12 ironbound frosthearts (Vaults:1 Vaults:2 Vaults:3 Vaults:4)
  5 anacondas (Snake:2 Snake:3)
  12 centaur warriors (D:13 D:14 D:15 Lair:2 Shoals:1)
  3 ogre magi (Vaults:5)
  3 satyrs (Shoals:3 Shoals:4)
  7 two-headed ogres (D:9 D:14 D:13 Vaults:5)
  7 deep troll shamans (Depths:1 Depths:2 Depths:4)
  9 boulder beetles (D:12 D:11 D:14 D:15 Elf:1)
  2 death knights (Vaults:2 Crypt:1)
  A fenstrider witch skeleton (Crypt:1)
  4 merfolk aquamancers (Shoals:1 Shoals:4)
  15 dancing weapons (Elf:1 Elf:2 Elf:3 Vaults:5)
  10 vampire magi (Depths:2 Depths:4 Crypt:1 Vaults:2 Crypt:2)
  6 deep troll earth magi (Depths:2 Depths:4 Vaults:5)
  An orc high priest (Orc:2)
  9 death yaks (Lair:4 Shoals:3)
  8 spriggan berserkers (Depths:2 Depths:3 Depths:4)
  7 naga sharpshooters (Snake:1 Snake:2 Snake:3 Snake:4)
  7 shock serpents (Snake:3 Snake:4)
  15 naga warriors (Snake:1 Snake:2 Snake:3 Snake:4)
  7 tengu warriors (D:15 Depths:1 Depths:2)
  15 hell knights (Vaults:3 Depths:2 Depths:3)
  2 sun demons (Depths:4 D:1)
  9 iron trolls (Depths:2 Depths:4)
  A soul eater (Crypt:3)
  A titan skeleton (Crypt:3)
  A sixfirhy (D:4)
  13 deep elf knights (Elf:1 Elf:2 Elf:3)
  2 salamander mystics (Snake:3 Snake:4)
  4 shadow wraiths (Crypt:2 Crypt:3)
  26 skeletal warriors (D:14 Vaults:2 Crypt:1 Crypt:2)
  21 sea snakes (Snake:3 Shoals:1 Shoals:2 Shoals:3 Shoals:4)
  A kraken simulacrum (Shoals:4)
  54 deep trolls (D:15 Vaults:1 Vaults:2 Vaults:3 Vaults:4)
  A naga ritualist (Snake:4)
  Pikel (D:5)
  5 glowing orange brains (Slime:3 Depths:2 Zot:3)
  17 ironbound convokers (Vaults:1 Vaults:2 Desolation Vaults:3 Vaults:4)
  A bunyip skeleton (Crypt:3)
  The ghost of Pokonic1 the Fighter, a novice HOMo of Beogh (D:5)
  11 deep elf archers (Elf:1 Elf:2 Elf:3)
  A shadow dragon zombie (Depths:1)
  A swamp dragon (Lair:5)
  7 wizards (D:10 D:14 Vaults:2 Vaults:3 Vaults:4)
  2 flayed ghosts (Depths:3 Crypt:3)
  8 lindwurms (Lair:5 Vaults:3 Vaults:4)
  2 mana vipers (Snake:3)
  A tengu skeleton (Depths:2)
  14 phantasmal warriors (Depths:2 Vaults:2 Crypt:1 Crypt:2 Vaults:5)
  33 deep elf pyromancers (D:10 D:12 D:13 D:14 Elf:1)
  19 deep elf zephyrmancers (Elf:1 Elf:2 Elf:3)
  12 harpies (Shoals:1 Shoals:2 Shoals:4 Shoals:3)
  12 necromancers (D:15 Vaults:1 Depths:1 Depths:2 Depths:3)
  10 orc knights (Orc:1 Orc:2 D:15 Vaults:2 Vaults:4)
  19 fauns (Shoals:1 Shoals:2 Shoals:3 Shoals:4)
  A goliath frog zombie (Crypt:3)
  27 ugly things (D:10 D:12 D:13 D:15 Vaults:2)
  6 orc sorcerers (Orc:2 Orc:1 Elf:2)
  4 oklob plants (Lair:1 Shoals:2)
  The ghost of McMuffin the Chopper, a novice DsFi of Dithmenos (D:7)
  10 cyclopes (D:9 D:10 D:11 D:12 D:14)
  6 shining eyes (Slime:1 Slime:2 Slime:5)
  14 manticores (D:15 Shoals:1 Shoals:2 Shoals:3 Shoals:4)
  A toenail golem (D:11)
  A shock serpent zombie (Crypt:2)
  5 guardian serpents (Snake:2 Desolation)
  An iron dragon skeleton (Crypt:1)
  9 salamanders (Snake:1 Snake:2 Snake:4)
  2 ice statues (IceCv)
  An eleionoma skeleton (Crypt:1)
  A moth of wrath (shapeshifter) (Vaults:5)
  An orc zombie (Crypt:3)
  3 elephants (Lair:4)
  19 moths of wrath (Shoals:3 Zot:1 Zot:2 Zot:3 Zot:4)
  A centaur zombie (Crypt:2)
  19 vault sentinels (Vaults:1 Vaults:2 Vaults:3 Vaults:4 Vaults:5)
  13 merfolk sirens (Lair:2 Shoals:1 Shoals:2 Shoals:3 Shoals:4)
  3 eyes of devastation (Slime:1 Slime:4 Slime:5)
  A smoke demon (Depths:4)
  6 water nymphs (Shoals:2 Shoals:3 Shoals:4)
  12 black mambas (Lair:5 Snake:1 Snake:2 Snake:3 Snake:4)
  A dire elephant zombie (Crypt:2)
  A naga skeleton (Crypt:3)
  2 alligator snapping turtle zombies (Crypt:3)
  3 fire giant skeletons (Vaults:1 Depths:1 Depths:2)
  18 naga magi (Snake:2 Snake:3 Snake:4)
  14 cane toads (Lair:1 Lair:2 Lair:3 Lair:4 Lair:5)
  7 torpor snails (Lair:5 Lair:4)
  A kobold demonologist (D:14)
  A hellion (Depths:1)
  2 efreet (D:13 D:14)
  13 komodo dragons (D:11 Lair:1 Lair:2 Lair:4 Lair:5)
  6 ice devils (IceCv)
  A dire elephant skeleton (Crypt:3)
  53 yaktaurs (D:15 Vaults:1 Vaults:2 Vaults:3 Vaults:4)
  2 demonic crawlers (Elf:1)
  An anaconda simulacrum (IceCv)
  5 rime drakes (Lair:2 Lair:5)
  8 freezing wraiths (IceCv Vaults:2 Crypt:3 Vaults:5)
  4 tengu conjurers (D:13 Depths:1 Depths:2)
  A yaktaur skeleton (Vaults:1)
  5 guardian mummies (Crypt:3)
  A troll (shapeshifter) (Vaults:5)
  A meliai (shapeshifter) (D:13)
  A queen bee (shapeshifter) (Vaults:5)
  4 polar bears (Lair:1 Lair:3 Lair:4)
  A merfolk (shapeshifter) (D:13)
  5 trolls (D:8 D:10 D:11 D:12)
  32 merfolk (Shoals:1 Shoals:2 Shoals:3 Shoals:4)
  A wolf spider simulacrum (D:15)
  3 tyrant leeches (Lair:5)
  A polar bear (shapeshifter) (Elf:2)
  8 wind drakes (Shoals:1 Shoals:2 Shoals:3 Shoals:4)
  15 blink frogs (Lair:2 Lair:3 Lair:4)
  104 slime creatures (D:12 D:13 D:15 Slime:1 Slime:2)
  Prince Ribbit (D:6)
  16 hornets (Lair:5 Depths:3 Depths:4)
  A tarantella (Vaults:5)
  A mana viper skeleton (Crypt:2)
  11 dream sheep (Lair:5 Shoals:2 Shoals:3)
  3 spriggan zombies (Depths:1 Crypt:2)
  43 saltlings (Vaults:3 Desolation)
  An ettin zombie (Vaults:1)
  16 snapping turtles (Lair:2 Shoals:1 Shoals:3 Shoals:4)
  2 frost giant simulacra (Depths:1)
  A guardian serpent skeleton (Crypt:1)
  2 vampires (Crypt:3)
  2 air elementals (Elf:1 Elf:3)
  A centaur simulacrum (D:15)
  A ynoxinul (D:11)
  2 shadows (D:10 D:11)
  A culicivora (shapeshifter) (Vaults:5)
  9 spriggans (Depths:3 Depths:4)
  31 yaks (D:5 D:9 D:10 Lair:2 Lair:5)
  A wind drake zombie (Crypt:3)
  13 water elementals (Shoals:1 Shoals:2 Shoals:3 Shoals:4 Elf:1)
  2 wyverns (Lair:2 Lair:5)
  6 wraiths (D:12 Vaults:2 Crypt:1 Crypt:2 Crypt:3)
  Grum (D:10)
  A fire elemental (Elf:1)
  3 golden eyes (Slime:5 Zot:3)
  A black mamba skeleton (Crypt:2)
  6 basilisks (D:12 Lair:4 Lair:5)
  4 redbacks (Vaults:2 Vaults:5)
  4 steam dragons (D:8 D:10 Lair:5)
  5 vampire mosquitoes (D:10 D:13 D:14 Elf:1)
  A naga zombie (Crypt:3)
  2 spriggan simulacra (Depths:1)
  4 swamp worms (Lair:4)
  6 death yak simulacra (Lair:1 IceCv)
  A demonspawn zombie (Crypt:2)
  2 wargs (Orc:1 Depths:1)
  3 acid dragons (D:9 Lair:5)
  39 nagas (Lair:2 Snake:1 Snake:2 Snake:3 Snake:4)
  9 water moccasins (Lair:1 Lair:2 Lair:4 Lair:5)
  3 floating eyes (Slime:3 Depths:2 Zot:3)
  A floating eye (shapeshifter) (Depths:2)
  Duvessa (D:4)
  2 glowing shapeshifter skeletons (Depths:1)
  2 black bears (D:6 D:7)
  A swamp drake (Lair:5)
  2 ice beasts (D:6 D:4)
  25 orc warriors (D:10 Orc:1 Orc:2 D:15 Depths:1)
  An elephant zombie (Crypt:1)
  A cane toad skeleton (Crypt:1)
  A snapping turtle skeleton (Crypt:2)
  31 wolves (D:8 D:10 Lair:5)
  14 ogres (D:5 D:6 D:7 Orc:2 Vaults:5)
  A manticore zombie (Crypt:2)
  A tengu (shapeshifter) (D:13)
  7 centaurs (D:7 D:8 D:9 D:10 D:13)
  A centaur (shapeshifter) (D:10)
  A lindwurm skeleton (Crypt:1)
  An elephant skeleton (Crypt:3)
  2 phantoms (D:5 D:6)
  3 lemures (D:5)
  2 necrophages (D:5 D:7)
  5 kobold brigands (D:8 D:9 D:14)
  12 bullfrogs (D:7 D:8 D:9 Lair:1 Lair:2)
  Blork the orc (D:5)
  4 gnoll sergeants (D:7 D:9 D:11)
  2 two-headed ogre simulacra (IceCv)
  3 earth elementals (Elf:1 Elf:2)
  2 cane toad simulacra (IceCv)
  3 scorpions (D:4 D:5)
  Dowan (D:4)
  7 wights (D:8)
  A warg zombie (Crypt:1)
  2 elephant simulacra (Lair:1 IceCv)
  10 killer bees (D:8 D:10 D:5)
  4 howler monkeys (D:7)
  8 electric eels (D:8 Lair:2 Lair:4 Elf:3)
  8 hounds (D:5 D:6 D:7 D:8)
  A jelly (D:6)
  19 orc priests (D:5 D:10 Orc:1 Orc:2 D:14)
  A boggart zombie (Crypt:2)
  A gnoll bouda (D:7)
  Natasha (thrice) (D:4)
  4 iguanas (D:5 Lair:5)
  32 orc wizards (D:7 D:10 D:14 Orc:1 Orc:2)
  Terence (D:2)
  5 hell rats (Lair:4 Lair:3)
  5 troll simulacra (IceCv)
  A wolf simulacrum (IceCv)
  2 acid dragon zombies (Crypt:3)
  7 mummies (Crypt:3)
  25 gnolls (D:2 D:7 D:9 D:11)
  15 adders (D:2 D:3 D:4 D:5 D:6)
  4 naga simulacra (IceCv)
  2 white imps (D:6 IceCv)
  2 ufetubi (D:6 IceCv)
  3 worms (D:2 D:3)
  5 dart slugs (D:1 D:2 D:3)
  63 orcs (D:4 D:5 D:7 D:8 D:10)
  7 bats (D:1 D:2 D:3)
  3 endoplasms (D:1 D:2)
  3 giant cockroaches (D:1 D:3)
  A hobgoblin (D:1)
  9 jackals (D:1 D:2)
  3 quokkas (D:1 D:2)
  9 ball pythons (D:1 D:2 D:3)
  2 ball python skeletons (Crypt:2)
  A bat (shapeshifter) (Depths:3)
  3 frilled lizards (D:1 D:2)
  10 goblins (D:1 D:2 D:3 D:4)
  17 kobolds (D:1 D:2 D:8 D:9 D:14)
  6 rats (D:1 D:2 D:3)
  A plant (Depths:2)
2355 creatures vanquished.

Vanquished Creatures (collateral kills)
  A dread lich (Zot:5)
  An ancient lich (Zot:4)
  A Killer Klown (Zot:5)
  4 golden dragons (Zot:4 Zot:5)
  A profane servitor (Crypt:3)
  12 Orb Guardians (Zot:5 Zot:4 D:9)
  A quicksilver dragon (Zot:4)
  A death cob (Zot:4)
  5 storm dragons (Zot:1 Zot:2 Zot:3 Zot:4)
  2 shadow dragons (Zot:4)
  A draconian monk (Zot:4)
  An azure jelly (Zot:3)
  A draconian scorcher (Zot:2)
  A black draconian (Zot:5)
  A green draconian (Zot:3)
  A red draconian (Zot:4)
  A white draconian (Zot:2)
  2 yellow draconians (Zot:3 Zot:4)
  2 sun demons (D:1)
  10 moths of wrath (Zot:1 Zot:2 Zot:4 Zot:5)
  An eye of devastation (Zot:3)
  A chaos spawn (D:9)
52 creatures vanquished.

Vanquished Creatures (others)
  19 fungi (Lair:2 Lair:4 Lair:5 Depths:2)
  168 plants (D:2 D:6 Lair:2 Lair:4 Lair:5)
  3 tentacles (Shoals:4)
190 creatures vanquished.

Grand Total: 2597 creatures vanquished

Table legend: (Time is in decaauts)
 A = Elapsed time spent in this place.
 B = Non-inter-level travel time spent in this place.
 C = Inter-level travel time spent in this place.
 D = Time resting spent in this place.
 E = Time spent auto-exploring this place.
 F = Levels seen in this place.
 G = Mean time per level.
                   A        B        C        D        E       F      G
               +--------+--------+--------+--------+--------+-----+--------+
         Total | 109999 |  97097 |  12902 |  37213 |  40952 |  58 | 1896.5 |
       Dungeon |  25801 |  22060 |   3741 |   7870 |   9350 |  15 | 1720.1 |
        Temple |     48 |     32 |     16 |      0 |      6 |   1 |   48.0 |
          Lair |  10184 |   9034 |   1150 |   3306 |   4219 |   5 | 2036.8 |
        Shoals |   6465 |   6142 |    323 |   1985 |   3032 |   4 | 1616.2 |
     Snake Pit |   5680 |   5446 |    234 |   2329 |   2253 |   4 | 1420.0 |
    Slime Pits |   7380 |   6422 |    958 |   2937 |   1719 |   5 | 1476.0 |
  Orcish Mines |   4929 |   3265 |   1664 |   1138 |   1635 |   2 | 2464.5 |
   Elven Halls |   5905 |   5449 |    456 |   1466 |   2470 |   3 | 1968.3 |
        Vaults |  12680 |  10869 |   1811 |   3665 |   5751 |   5 | 2536.0 |
         Crypt |   4866 |   4600 |    266 |   1501 |   2436 |   3 | 1622.0 |
        Depths |  10469 |   9281 |   1188 |   4108 |   3801 |   4 | 2617.2 |
           Zot |  11518 |  10427 |   1091 |   4511 |   4042 |   5 | 2303.6 |
      Ice Cave |   2231 |   2231 |      0 |   1595 |     96 |   1 | 2231.0 |
    Desolation |   1835 |   1835 |      0 |    799 |    138 |   1 | 1835.0 |
               +--------+--------+--------+--------+--------+-----+--------+

Top non-repeatable levels by time:
Depths:2: 4685 daAuts
Vaults:2: 3440 daAuts
   Zot:4: 3304 daAuts
   Orc:2: 3126 daAuts
  Lair:5: 3065 daAuts
Vaults:1: 3061 daAuts
   Elf:3: 2968 daAuts
    D:10: 2861 daAuts
Depths:3: 2840 daAuts
   Zot:5: 2679 daAuts
     D:8: 2590 daAuts
Vaults:4: 2436 daAuts
     D:9: 2266 daAuts
   Zot:3: 2250 daAuts
 Crypt:3: 2244 daAuts

Table legend:
 A = Non-vault XP
 B = Vault XP
 C = Vault XP percentage of total XP
 D = Non-vault monster count
 E = Vault monster count
 F = Vault count percentage of total count
                 A         B        C        D         E       F
            +---------+---------+-------+---------+---------+-------
      Total |  734996 |  812942 |  52.5 |    1401 |     973 |  41.0
            +---------+---------+-------+---------+---------+-------
        D:1 |      43 |       4 |   8.5 |      26 |       2 |   7.1
        D:2 |     121 |      53 |  30.5 |      24 |       6 |  20.0
        D:3 |      73 |       0 |   0.0 |      17 |       0 |   0.0
        D:4 |     318 |     250 |  44.0 |      10 |       3 |  23.1
        D:5 |    1343 |    1769 |  56.8 |      25 |       8 |  24.2
        D:6 |     633 |     277 |  30.4 |      11 |       1 |   8.3
        D:7 |    1218 |    1009 |  45.3 |      28 |       5 |  15.2
        D:8 |    1367 |     633 |  31.6 |      24 |       7 |  22.6
        D:9 |    3190 |       0 |   0.0 |      22 |       0 |   0.0
       D:10 |    2393 |    6727 |  73.8 |      18 |      16 |  47.1
       D:11 |    3286 |       0 |   0.0 |      17 |       0 |   0.0
       D:12 |    4879 |       0 |   0.0 |      12 |       0 |   0.0
       D:13 |    4442 |    8159 |  64.7 |      10 |      13 |  56.5
       D:14 |   10598 |     824 |   7.2 |      31 |       1 |   3.1
       D:15 |   13115 |    4489 |  25.5 |      32 |       7 |  17.9
     Lair:1 |    1178 |    2073 |  63.8 |       6 |       8 |  57.1
     Lair:2 |    9558 |     611 |   6.0 |      27 |       2 |   6.9
     Lair:3 |    2604 |       0 |   0.0 |      10 |       0 |   0.0
     Lair:4 |   15328 |     664 |   4.2 |      43 |       4 |   8.5
     Lair:5 |    6108 |   15987 |  72.4 |      21 |      66 |  75.9
   Shoals:1 |   14751 |       0 |   0.0 |      32 |       0 |   0.0
   Shoals:2 |   16953 |    1596 |   8.6 |      35 |       3 |   7.9
   Shoals:3 |   13541 |    9633 |  41.6 |      29 |      13 |  31.0
   Shoals:4 |   18446 |   21580 |  53.9 |      41 |      32 |  43.8
    Snake:1 |    7730 |       0 |   0.0 |      14 |       0 |   0.0
    Snake:2 |   13162 |    2670 |  16.9 |      28 |       2 |   6.7
    Snake:3 |   13999 |    5406 |  27.9 |      26 |       8 |  23.5
    Snake:4 |   10983 |   16715 |  60.3 |      19 |      34 |  64.2
    Slime:1 |   16038 |    1082 |   6.3 |      35 |       4 |  10.3
    Slime:2 |   12032 |       0 |   0.0 |      19 |       0 |   0.0
    Slime:3 |   20286 |       0 |   0.0 |      32 |       0 |   0.0
    Slime:4 |   13617 |       0 |   0.0 |      14 |       0 |   0.0
    Slime:5 |    3180 |   23070 |  87.9 |       8 |      18 |  69.2
      Orc:1 |    2435 |       0 |   0.0 |      34 |       0 |   0.0
      Orc:2 |    1661 |    4776 |  74.2 |      27 |      39 |  59.1
      Elf:1 |   25753 |   14926 |  36.7 |      41 |      23 |  35.9
      Elf:2 |    8123 |    4129 |  33.7 |      15 |       5 |  25.0
      Elf:3 |   14138 |   49764 |  77.9 |      24 |      44 |  64.7
   Vaults:1 |   17643 |   16160 |  47.8 |      32 |      22 |  40.7
   Vaults:2 |   47172 |   27356 |  36.7 |      66 |      41 |  38.3
   Vaults:3 |   21160 |   26770 |  55.9 |      29 |      21 |  42.0
   Vaults:4 |   17555 |   14398 |  45.1 |      26 |      18 |  40.9
   Vaults:5 |   33361 |  126586 |  79.1 |      52 |     104 |  66.7
    Crypt:1 |    8961 |       0 |   0.0 |      17 |       0 |   0.0
    Crypt:2 |   31257 |    2310 |   6.9 |      46 |       2 |   4.2
    Crypt:3 |    9755 |   40081 |  80.4 |      15 |      48 |  76.2
   Depths:1 |   11619 |   12944 |  52.7 |      20 |      18 |  47.4
   Depths:2 |       0 |   94051 | 100.0 |       0 |      94 | 100.0
   Depths:3 |   15911 |   46100 |  74.3 |      24 |      38 |  61.3
   Depths:4 |   31740 |   13569 |  29.9 |      39 |      13 |  25.0
      Zot:1 |   34256 |   14492 |  29.7 |      29 |       8 |  21.6
      Zot:2 |   27797 |    1462 |   5.0 |      23 |       2 |   8.0
      Zot:3 |   33727 |   13131 |  28.0 |      27 |      13 |  32.5
      Zot:4 |   41054 |   29647 |  41.9 |      33 |      22 |  40.0
      Zot:5 |   43405 |   96286 |  68.9 |      36 |      36 |  50.0
      IceCv |       0 |    6159 | 100.0 |       0 |      32 | 100.0
 Desolation |       0 |   32564 | 100.0 |       0 |      67 | 100.0
            +---------+---------+-------+---------+---------+-------
